 Dungeon Crawl Stone Soup version 0.31-a0-836-g3ceb0a6 (webtiles) character file.

Game seed: 2781033018197687609

1483568 steven32 the Shapeless Draconian (level 27, 261/261 HPs)
             Began as a Black Draconian Shapeshifter on Sept 26, 2023.
             Was an Initiate of Gozag.
             Escaped with the Orb
             ... and 3 runes!
             The game lasted 02:08:21 (98120 turns).

steven32 the Shapeless Draconian (DrSh)            Turns: 98120, Time: 02:08:21

Health: 261/261    AC: 30    Str: 28    XL:     27
Magic:  7/23       EV: 21    Int: 15    God:    Gozag
Gold:   3690       SH: 17    Dex: 20    Spells: 26/26 levels left

rFire   + +          .
                       - Unarmed
rCold   + + +        A - +2 shield of Resistance {rF++ rC++ Will++}
rNeg    + + +        (body armour unavailable)
rPois   ∞            Q - +2 hat {Stlth+}
rElec   +            p - +2 cloak
rCorr   +            z - +3 Mad Mage's Maulers {Infuse+∞ VampMP -Cast}
SInv    .            d - +3 pair of boots of the Nightingale {Dex+3 Slay+3}
Will    +++++        t - amulet "Fihuuce" {Regen+ Str+2}
Stlth   +            c - ring of the Sneaky Visions {rPois rCorr AC+4 Int-3}
HPRegen 1.43/turn    w - ring of the Postmodern Bones {rPois Will+ Str-2 Int+6 Dex+5}
MPRegen 0.18/turn

%: no spellcasting, infuse magic (7 MP)
@: death-form, gold aura, flying, studying 4 skills
A: vile attack, torment immunity, no potions, flying, (breathe lightning), AC
+13, unfitting armour, big wings, electricity resistance, cold-blooded
0: Orb of Zot
}: 3/15 runes: serpentine, barnacled, abyssal
a: Siphon Essence, Begin Untransformation, Renounce Religion, Potion Petition,
Call Merchant, Bribe Branch


You escaped.
You worshipped Gozag.
Gozag was most pleased with you.
You were an undying horror.
You visited 12 branches of the dungeon, and saw 51 of its levels.
You visited the Abyss 3 times.
You also visited: Volcano.

You collected 29769 gold pieces.
You spent 6941 gold pieces at shops.
You paid 19138 gold pieces to Gozag.

Inventory:

Missiles
 b - 5 throwing nets
 j - 50 poisoned darts
 l - 69 boomerangs (quivered)
 D - 11 silver javelins
 M - 12 javelins
Armour
 d - the +3 pair of boots of the Nightingale (worn) {Dex+3 Slay+3}
   (You acquired it on level 9 of the Dungeon)

   Dex+3:     It affects your dexterity (+3).
   Slay+3:    It affects your accuracy & damage with ranged weapons and melee
   (+3).
 p - a +2 cloak (worn)
 z - the +3 Mad Mage's Maulers (worn) {Infuse+∞ VampMP -Cast}
   (You found it on level 3 of the Elven Halls)

   Infuse+∞: It empowers its wearer's blows with all of their magic.
   VampMP:    Blows struck in melee replenish the wearer's magic.
   -Cast:     It prevents spellcasting.
 A - the +2 shield of Resistance (worn) {rF++ rC++ Will++}
   (You bought it in a shop on level 2 of the Shoals)

   rF++:      It greatly protects you from fire.
   rC++:      It greatly protects you from cold.
   Will++:    It greatly increases your willpower.
 Q - a +2 hat of stealth (worn)
Jewellery
 c - the ring of the Sneaky Visions (left hand) {rPois rCorr AC+4 Int-3}
   (You bought it in a shop on level 1 of the Lair of Beasts)

   [ring of protection]

   AC+4:      It affects your AC (+4).
   Int-3:     It affects your intelligence (-3).
   rPois:     It protects you from poison rCorr: It protects you from acid and
   corrosion.
 t - the amulet "Fihuuce" (around neck) {Regen+ Str+2}
   (You bought it in a shop on level 1 of the Lair of Beasts)

   [amulet of regeneration]

   Str+2:     It affects your strength (+2).
   Regen+:    It increases your rate of health regeneration.
 v - the ring of Cicauq {Ice Str+6 SInv}
   (You bought it in a shop on level 1 of the Lair of Beasts)

   [ring of ice]

   Ice:       It enhances your ice magic.
   Str+6:     It affects your strength (+6).
   rF-:       It makes you vulnerable to fire.
   rC+:       It protects you from cold.
   SInv:      It lets you see invisible.
 w - the ring of the Postmodern Bones (right hand) {rPois Will+ Str-2 Int+6 Dex+5}
   (You took it off a tengu warrior on level 14 of the Dungeon)

   [ring of intelligence]

   Str-2:     It affects your strength (-2).
   Int+6:     It affects your intelligence (+6).
   Dex+5:     It affects your dexterity (+5).
   rPois:     It protects you from poison Will+: It increases your willpower.
 C - an amulet of magic regeneration
 J - the ring "Netatz" {rF+ rC+}
   (You found it on level 3 of the Crypt)

   [ring of protection from cold]

   rF+:       It protects you from fire.
   rC+:       It protects you from cold.
Talismans
 o - a maw talisman
 K - a talisman of death (active)
Wands
 s - a wand of iceblast (39)
 u - a wand of charming (52)
 E - a wand of digging (22)
 N - a wand of mindburst (48)
 Z - a wand of acid (33)
Scrolls
 k - 6 scrolls of silence
 m - 3 scrolls of revelation
 q - 9 scrolls of poison
 r - 16 scrolls of teleportation
 x - 4 scrolls of enchant armour
 y - a scroll of blinking
 B - 8 scrolls of immolation
 F - 8 scrolls of fog
 L - 8 scrolls of vulnerability
 P - 4 scrolls of summoning
 S - 4 scrolls of fear
 T - 7 scrolls of amnesia
 W - 2 scrolls of torment
Potions
 a - 12 potions of heal wounds
 e - 24 potions of curing
 f - 8 potions of might
 g - 6 potions of haste
 h - 10 potions of magic
 i - 2 potions of brilliance
 n - 2 potions of resistance
 G - 4 potions of attraction
 H - 3 potions of mutation
 I - 4 potions of lignification
 O - 2 potions of invisibility
 U - 3 potions of berserk rage
 V - 4 potions of enlightenment
 Y - a potion of cancellation
Miscellaneous
 R - a condenser vane
 X - a phial of floods


   Skills:
 + Level 24.0 Fighting
 - Level 20.0 Throwing
 - Level 13.2 Dodging
 - Level 16.0 Shields
 - Level 24.0 Unarmed Combat
 - Level 8.2 Evocations
 O Level 27 Shapeshifting


You had 26 spell levels left.
You didn't know any spells.
Your spell library contained the following spells:

 Spells                   Type           Power      Damage    Failure   Level
 Apportation              Tloc           0%         N/A       36%         1
 Foxfire                  Conj/Fire      0%         2x1d4     36%         1
 Freeze                   Ice            0%         1d3       36%         1
 Kiss of Death            Conj/Necr      0%         2d5       36%         1
 Magic Dart               Conj           0%         1d3       36%         1
 Sandblast                Erth           0%         2d4       36%         1
 Shock                    Conj/Air       0%         1d3       36%         1
 Sting                    Tmut/Pois      0%         1d3       36%         1
 Summon Small Mammal      Summ           0%         N/A       36%         1
 Blink                    Tloc           0%         N/A       50%         2
 Call Imp                 Summ           0%         N/A       50%         2
 Cigotuvi's Dreadful Rot  Necr/Pois/Air  0%         N/A       50%         2
 Jinxbite                 Hex            0%         N/A       50%         2
 Lesser Beckoning         Tloc           0%         N/A       50%         2
 Momentum Strike          Conj/Tloc      0%         3d8       50%         2
 Passwall                 Tmut/Erth      0%         N/A       50%         2
 Poisonous Vapours        Pois/Air       0%         N/A       50%         2
 Searing Ray              Conj           0%         2d4       50%         2
 Sublimation of Blood     Necr           0%         N/A       50%         2
 Wereblood                Tmut           0%         N/A       50%         2
 Call Canine Familiar     Summ           0%         N/A       73%         3
 Confusing Touch          Hex            0%         N/A       73%         3
 Dazzling Flash           Conj/Hex       0%         N/A       73%         3
 Frozen Ramparts          Ice            0%         1d1       73%         3
 Hailstorm                Conj/Ice       0%         3d3       73%         3
 Inner Flame              Hex/Fire       0%         N/A       73%         3
 Mephitic Cloud           Conj/Pois/Air  0%         N/A       73%         3
 Stone Arrow              Conj/Erth      0%         3d7       73%         3
 Summon Guardian Golem    Hex/Summ       0%         N/A       73%         3
 Tukima's Dance           Hex            0%         N/A       73%         3
 Volatile Blastmotes      Fire/Tloc      0%         2d10      73%         3
 Anguish                  Hex/Necr       0%         N/A       98%         4
 Brom's Barrelling Bould  Conj/Erth      0%         2d3       98%         4
 Cause Fear               Hex            0%         N/A       98%         4
 Dispel Undead            Necr           0%         3d6       98%         4
 Flame Wave               Conj/Fire      0%         2d4       98%         4
 Fulminant Prism          Conj/Hex       0%         3d5       98%         4
 Manifold Assault         Tloc           0%         N/A       98%         4
 Olgreb's Toxic Radiance  Pois           0%         N/A       98%         4
 Passage of Golubria      Tloc           0%         N/A       98%         4
 Petrify                  Tmut/Erth      0%         N/A       98%         4
 Sticky Flame             Conj/Fire      0%         2d3       98%         4
 Summon Ice Beast         Ice/Summ       0%         N/A       98%         4
 Summon Lightning Spire   Summ/Air       0%         N/A       98%         4
 Vhi's Electric Charge    Tloc/Air       0%         N/A       98%         4
 Alistair's Intoxication  Tmut/Pois      0%         N/A       100%        5
 Arcjolt                  Conj/Air       0%         1d10      100%        5
 Borgnjor's Vile Clutch   Necr/Erth      0%         N/A       100%        5
 Fireball                 Conj/Fire      0%         3d3       100%        5
 Irradiate                Conj/Tmut      0%         3d11      100%        5
 Iskenderun's Battlesphe  Conj           0%         2d6       100%        5
 Lee's Rapid Deconstruct  Erth           0%         3d4*      100%        5
 Metabolic Englaciation   Hex/Ice        0%         N/A       100%        5
 Summon Mana Viper        Hex/Summ       0%         N/A       100%        5
 Yara's Violent Unravell  Hex/Tmut       0%         3d3       100%        5
 Bombard                  Conj/Erth      0%         9d1       100%        6
 Conjure Ball Lightning   Conj/Air       0%         3x3d6     100%        6
 Death Channel            Necr           0%         N/A       100%        6
 Dispersal                Tloc           0%         N/A       100%        6
 Eringya's Noxious Bog    Tmut/Pois      0%         4d6       100%        6
 Plasma Beam              Fire/Air       0%         2x1d10    100%        6
 Starburst                Conj/Fire      0%         6d3       100%        6
 Enfeeble                 Hex            0%         N/A       100%        7
 Haunt                    Necr/Summ      0%         N/A       100%        7
 Malign Gateway           Summ/Tloc      0%         N/A       100%        7
 Monstrous Menagerie      Summ           0%         N/A       100%        7
 Ozocubu's Refrigeration  Ice            0%         4d7       100%        7
 Spellforged Servitor     Conj/Summ      0%         N/A       100%        7
 Summon Hydra             Summ           0%         N/A       100%        7
 Borgnjor's Revivificati  Necr           0%         N/A       100%        8
 Discord                  Hex            0%         N/A       100%        8
 Disjunction              Tloc           0%         N/A       100%        8
 Ignition                 Fire           0%         3d3       100%        8
 Infestation              Necr           0%         N/A       100%        8
 Lehudib's Crystal Spear  Conj/Erth      0%         10d2      100%        8
 Maxwell's Capacitive Co  Air            0%         ∞         100%        8
 Summon Horrible Things   Summ           0%         N/A       100%        8
 Chain Lightning          Conj/Air       0%         N/A       100%        9
 Death's Door             Necr           0%         N/A       100%        9
 Dragon's Call            Summ           0%         N/A       100%        9
 Fire Storm               Conj/Fire      0%         5d1       100%        9
 Polar Vortex             Ice            0%         N/A       100%        9
 Shatter                  Erth           0%         3d5*      100%        9
 Animate Armour           Summ/Erth      Unusable   N/A       N/A         4
 Animate Dead             Necr           Unusable   N/A       N/A         4
 Simulacrum               Ice/Necr       Unusable   N/A       N/A         6

Dungeon Overview and Level Annotations

Branches:
Dungeon (15/15)            Temple (1/1) D:5            Lair (5/5) D:11
 Shoals (4/4) Lair:2        Snake (4/4) Lair:3        Slime (0/5) Lair:5
    Orc (2/2) D:12            Elf (3/3) Orc:2        Vaults (4/5) D:14
  Crypt (3/3) Vaults:3       Tomb (0/3) Crypt:3      Depths (4/4) D:15
   Hell (visited)             Zot (5/5) Depths:4    Volcano (visited)
    Dis: Hell:1         Geh: Hell:1         Coc: Hell:1         Tar: Hell:1

Altars:
Ashenzari
Cheibriados
Dithmenos
Elyvilon
Fedhas
Gozag
Hepliaklqana
Kikubaaqudgha
Makhleb
Nemelex Xobeh
Okawaru
Qazlal
Ru
Sif Muna
Trog
Uskayaw
Vehumet
Wu Jian
Xom
Yredelemnul
Zin
The Shining One
Lugonu

Shops:
D:7 *   D:8 :   Orc:2 *=[(   Elf:1 =   Elf:2 *   Elf:3 *   Lair:1 =***=?[**!*
Shoals:2 [?*(([   Snake:1 [   Vaults:1 (   Vaults:2 [   Depths:2 [[
Depths:3 =:=:

Portals:
Hell: Depths:1 Depths:2 Depths:3 Depths:4
Abyss: Lair:5 Depths:3
Pandemonium: Depths:1 Depths:2
Ziggurat: Depths:1
Trove: D:11 (give 4 scrolls of blinking)

Annotations:
Temple 2 transporters
Snake:1 2 transporters, exclusion: orange crystal statue
Snake:3 2 transporters, Impuonees's ghost, journeyman DECj
Hell Geryon


Innate Abilities, Weirdness & Mutations

You are an undying horror.
Your melee and unarmed attacks drain, slow and weaken victims.
You are immune to unholy pain and torment.
You cannot drink.
You are flying.
You are immune to poison.
((You can breathe wild blasts of lightning.))
Your glossy black scales are hard. (AC +13)
You cannot fit into any form of body armour.
Your large and strong wings let you fly.
You are resistant to electric shocks. (rElec)
You are cold-blooded and may be slowed by cold attacks.


Message History

You block the Orb Guardian's attack.
You regained 3 mp, and now have 4/23 mp.
You closely miss the Orb Guardian.
The Orb Guardian is heavily wounded.
The Orb Guardian barely misses you.
You pound the Orb Guardian into fine dust!!!
The Orb Guardian decays.
You drain the Orb Guardian!
You kill the Orb Guardian!
No target in view!
A soul eater comes into view.
Health restored: 261 You regained 6 mp, and now have 11/23 mp.
A soul eater is nearby!
A soul eater is nearby!
Items here: )))) [[[.
You barely miss the soul eater. You pummel the soul eater!!
The soul eater decays.
You tail-slap the soul eater, but do no damage.
The soul eater is heavily wounded.
You now have 3/23 mp.
You squash the soul eater like an ant!!!
You kill the soul eater!
A hell beast comes into view.
You regained 3 mp, and now have 7/23 mp.
A hell beast is nearby!
The hell beast hisses angrily.
Things that are here:
10 gold pieces; a +5 scimitar of holy wrath; a +0 tower shield You block the hell beast's attack. x2; The hell beast bites you!
The hell beast closely misses you.
You take 12 damage, and have 249/261 hp.
You squash the hell beast like an ant!!!!
You kill the hell beast!
You regained 4 mp, and now have 11/23 mp.
No target in view!
No target in view!
A hell hog comes into view.
Health restored: 261 You regained 5 mp, and now have 16/23 mp.
A hell hog is nearby!
Items here: $ )) [[.
The hell hog breathes fire at you.
The fireball explodes!
The fireball engulfs you! You resist.
You hear an angry squeal.
The hell hog bites you but does no damage.
You take 8 damage, and have 253/261 hp.
You pulverise the hell hog!!!
The hell hog decays.
Your tail-slap misses the hell hog.
The hell hog is almost dead.
You block the hell hog's attack.
You now have 7/23 mp.
You pound the hell hog into fine dust!!!
You kill the hell hog!
You now have 0/23 mp.
No target in view!
A hell hog comes into view.
Health restored: 261 You regained 7 mp, and now have 7/23 mp.
A hell hog is nearby!
The hell hog squeals angrily.
The hell hog breathes fire at you.
The fireball explodes!
The fireball engulfs you but does no damage.
You see here 5 gold pieces.
You block the hell hog's attack.
You pulverise the hell hog!!!
The hell hog decays.
The hell hog is almost dead.
You hear an angry squeal.
The hell hog breathes fire at you.
The fireball explodes!
The fireball engulfs you! You resist.
The fireball engulfs the hell hog.
The hell hog completely resists.
You barely miss the hell hog. You tail-slap the hell hog!
You kill the hell hog!
You take 8 damage, and have 253/261 hp.
A hell hog comes into view.
Health restored: 261 You regained 7 mp, and now have 14/23 mp.
A hell hog is nearby!
The hell hog squeals angrily.
You see here 4 gold pieces.
You pummel the hell hog like a punching bag!!!
The hell hog decays.
The hell hog is almost dead.
You block the hell hog's attack.
You now have 8/23 mp.
You squash the hell hog like an ant!!!
You kill the hell hog!
You now have 1/23 mp.
No target in view!
An ice devil comes into view.
You regained 7 mp, and now have 8/23 mp.
An ice devil is nearby!
You see here 8 gold pieces.
You pummel the ice devil!!
The ice devil decays.
The ice devil is severely wounded.
The ice devil hits you but does no damage.
You now have 3/23 mp.
You pummel the ice devil!!
You kill the ice devil!
You now have 2/23 mp.
No target in view!
A Tzitzimitl comes into view.
You pummel the Tzitzimitl like a punching bag!!!
The Tzitzimitl decays.
Your tail-slap misses the Tzitzimitl.
The Tzitzimitl is moderately wounded.
You completely miss the Tzitzimitl.
The Tzitzimitl is moderately wounded.
You pound the Tzitzimitl into fine dust!!!!
You kill the Tzitzimitl!
You regained 4 mp, and now have 8/23 mp.
No target in view!
An Orb Guardian comes into view.
An Orb Guardian is nearby!
The Orb Guardian is distracted by your dazzling golden aura.
You see here 5 gold pieces.
You strike the helpless Orb Guardian from behind!
You pummel the Orb Guardian like a punching bag!!!!
You kill the Orb Guardian!
No target in view!
You now have 3459 gold pieces (gained 5).
You now have 3467 gold pieces (gained 8).
You now have 3471 gold pieces (gained 4).
You now have 3476 gold pieces (gained 5).
You now have 3488 gold pieces (gained 12).
Items here: )) [[.
You now have 3498 gold pieces (gained 10).
Things that are here:
a +5 scimitar of holy wrath; a +0 tower shield You now have 3501 gold pieces (gained 3).
Things that are here:
a +2 whip of holy wrath; a +0 robe; a +3 whip
There is a staircase leading out of the dungeon, spattered with blood here.
Things that are here:
a +0 great sword; a +0 chain mail You regained 3 mp, and now have 13/23 mp.
There is a staircase leading out of the dungeon, spattered with blood here.
Things that are here:
a +0 great sword; a +0 chain mail You start resting.
An Ice Fiend comes into view.
You regained 2 mp, and now have 15/23 mp.
Things that are here:
a +2 whip of holy wrath; a +0 robe; a +3 whip
Things that are here:
a +5 scimitar of holy wrath; a +0 tower shield You pummel the Ice Fiend!!
The Ice Fiend decays.
You tail-slap the Ice Fiend.
The Ice Fiend is moderately wounded.
You now have 4/23 mp.
You pulverise the Ice Fiend!!!
The Ice Fiend decays.
Your tail-slap misses the Ice Fiend.
The Ice Fiend is almost dead.
You regained 3 mp, and now have 7/23 mp.
You squash the Ice Fiend like an ant!!!!
You kill the Ice Fiend!
You now have 3/23 mp.
A hellwing comes into view.
Unknown command.
You pummel the hellwing!!
The hellwing decays.
You tail-slap the hellwing, but do no damage.
The hellwing is severely wounded.
You hit the hellwing.
The hellwing decays.
The hellwing is almost dead.
You now have 0/23 mp.
You pummel the hellwing like a punching bag!!!
You kill the hellwing!
You now have 3510 gold pieces (gained 9).
You see here a +5 scythe of protection.
There is a staircase leading out of the dungeon, spattered with blood here.
Things that are here:
a +0 great sword; a +0 chain mail You start resting.
A Juubion and a rust devil come into view.
You regained 4 mp, and now have 5/23 mp.
There are monsters nearby!
Throw: 69 boomerangs
Press: ? - help, Q - select action, (/) - cycle Shift-Dir - straight line, f - Juubion
Aim: Juubion, armed with a chaotic touch (82% to hit)
You throw a boomerang.
The boomerang hits Juubion but does no damage.
Throw: 69 boomerangs
Press: ? - help, Q - select action, (/) - cycle Shift-Dir - straight line, f/p - Juubion
Aim: Juubion, armed with a chaotic touch (82% to hit)
You throw a boomerang. The boomerang hits Juubion!!
Juubion is lightly wounded.
Throw: 69 boomerangs
Press: ? - help, Q - select action, (/) - cycle Shift-Dir - straight line, f/p - Juubion
Aim: Juubion, armed with a chaotic touch (lightly wounded, 82% to hit)
You throw a boomerang. The boomerang closely misses Juubion.
Throw: 69 boomerangs
Press: ? - help, Q - select action, (/) - cycle Shift-Dir - straight line, f/p - Juubion
Aim: Juubion, armed with a chaotic touch (lightly wounded, 82% to hit)
You throw a boomerang. The boomerang hits Juubion!!
Juubion is lightly wounded.
A shadow imp comes into view.
Throw: 69 boomerangs
Press: ? - help, Q - select action, (/) - cycle Shift-Dir - straight line, f/p - Juubion
Aim: Juubion, armed with a chaotic touch (lightly wounded, 82% to hit)
You throw a boomerang.
The boomerang hits Juubion but does no damage.
Juubion is lightly wounded.
You pummel Juubion!!
Juubion decays.
Juubion is moderately wounded.
Juubion hits you but does no damage.
You now have 4/23 mp.
You pulverise Juubion!!!
Juubion decays.
Juubion is heavily wounded.
Juubion hits you.
You feel yourself speed up.
You take 1 damage, and have 260/261 hp.
You regained 3 mp, and now have 7/23 mp.
You barely miss Juubion.
You tail-slap Juubion, but do no damage.
Juubion is heavily wounded.
Health restored: 261 You closely miss Juubion.
You tail-slap Juubion, but do no damage.
Juubion is heavily wounded.
You block Juubion's attack.
You pulverise Juubion!!!
Juubion decays.
Juubion is almost dead.
You pulverise Juubion!!!!
You kill Juubion!
You now have 4/23 mp.
The rust devil closely misses you.
You see here 9 gold pieces.
You barely miss the rust devil. You punch the rust devil!
The rust devil decays.
You tail-slap the rust devil, but do no damage.
The rust devil is lightly wounded.
You block the rust devil's attack.
You now have 2/23 mp.
You squash the rust devil like an ant!!!
You kill the rust devil!
You regained 3 mp, and now have 5/23 mp.
You closely miss the shadow imp. The shadow imp completely misses you.
You pummel the shadow imp!!
You kill the shadow imp!
You now have 1/23 mp.
No target in view!
Unknown command.
You start resting.
An ice devil comes into view.
There is a staircase leading out of the dungeon, spattered with blood here.
Things that are here:
a +0 great sword; a +0 chain mail
Things that are here:
a +2 whip of holy wrath; a +0 robe; a +3 whip
Things that are here:
a +5 scimitar of holy wrath; a +0 tower shield You see here 18 gold pieces.
Items here: )) [[.
You pummel the ice devil!!
The ice devil decays.
You tail-slap the ice devil.
The ice devil is severely wounded.
The ice devil misses you.
You regained 2 mp, and now have 4/23 mp.
You punch the ice devil!
You kill the ice devil!
You now have 2/23 mp.
No target in view!
You start resting.
Your extra speed is starting to run out.
You start resting.
You feel yourself slow down.
You start resting.
A green death comes into view.
You regained 2 mp, and now have 6/23 mp.
A green death is nearby!
The green death gestures at you.
The blast of poison engulfs you but does no damage.
You resist.
You squash the green death like an ant!!!
The green death decays.
The green death is almost dead.
You hear a chilling moan.
You regained 3 mp, and now have 9/23 mp.
You pound the green death into fine dust!!!
You kill the green death!
You now have 1/23 mp.
No target in view!
You start resting.
Something hits you but does no damage.
Deactivating autopickup; reactivate with Ctrl-A.
You regained 2 mp, and now have 3/23 mp.
You start resting.
Something closely misses you.
You hit something.
You now have 0/23 mp.
You pummel something like a punching bag!!!
You regained 7 mp, and now have 7/23 mp.
You miss something. Something hits you but does no damage.
You pummel something!!
Reactivating autopickup.
You feel a bit more experienced.
You now have 2/23 mp.
You now have 3516 gold pieces (gained 6).
Items here: )) [[.
You now have 3534 gold pieces (gained 18).
You start resting.
A sun demon comes into view.
The sun demon moves out of view.
You regained 3 mp, and now have 6/23 mp.
You start resting.
A balrug comes into view.
It is wielding a +3 demon whip of electrocution.
The balrug shouts!
The sun demon shouts!
A sun demon comes into view.
Items here: )) [[.
The sun demon shouts!
The balrug gestures at you. Something smites you! The balrug gestures at you.
Something smites you!
You see here 5 gold pieces.
You take 18 damage, and have 243/261 hp.
The balrug gestures at you. The sticky flame misses you.
You pummel the balrug like a punching bag!!!
The balrug decays.
You tail-slap the balrug.
The balrug is heavily wounded.
The balrug hits you but does no damage.
You now have 6/23 mp.
You completely miss the balrug.
The balrug is heavily wounded.
You barely miss the balrug. You tail-slap the balrug.
The balrug is severely wounded.
The balrug gestures at you. The bolt of fire hits you. You resist.
You take 5 damage, and have 242/261 hp.
You closely miss the balrug. You tail-slap the balrug.
The balrug is severely wounded.
You pulverise the balrug!!!
You kill the balrug!
You now have 4/23 mp.
You block the sun demon's attack. x2
The sun demon is distracted by your dazzling golden aura.
Things that are here:
16 gold pieces; a +3 demon whip of electrocution You regained 2 hp, and now have 246/261 hp.
You completely miss the sun demon.
The sun demon shouts!
You tail-slap the sun demon.
The sun demon is lightly wounded.
The sun demon hits you but does no damage.
You hit the sun demon.
The sun demon decays.
The sun demon is lightly wounded.
You now have 0/23 mp.
You punch the sun demon!
The sun demon decays.
The sun demon is heavily wounded.
You block the sun demon's attack.
You regained 2 mp, and now have 2/23 mp.
You pummel the sun demon!!
The sun demon decays.
The sun demon is severely wounded.
You squash the sun demon like an ant!!!
You kill the sun demon!
You see here 4 gold pieces.
You regained 2 hp, and now have 252/261 hp.
You hit the sun demon but do no damage.
The sun demon is no longer distracted by gold.
Your tail-slap misses the sun demon.
The sun demon hits you!
You are engulfed in flames.
You resist.
You take 16 damage, and have 236/261 hp.
You now have 0/23 mp.
You completely miss the sun demon. The sun demon hits you.
You are engulfed in flames.
You resist.
You take 3 damage, and have 233/261 hp.
You pummel the sun demon!!
The sun demon decays.
The sun demon is heavily wounded.
You regained 4 mp, and now have 4/23 mp.
You pummel the sun demon!!
You kill the sun demon!
You now have 3/23 mp.
No target in view!
You now have 3550 gold pieces (gained 16).
You see here a +3 demon whip of electrocution.
You regained 2 hp, and now have 237/261 hp.
Something misses you.
You regained 2 hp, and now have 239/261 hp.
Deactivating autopickup; reactivate with Ctrl-A.
You barely miss something. Something hits you but does no damage.
You pummel something like a punching bag!!!!
Reactivating autopickup.
You feel a bit more experienced.
You regained 5 mp, and now have 9/23 mp.
You now have 3555 gold pieces (gained 5).
You regained 3 hp, and now have 244/261 hp.
Items here: )) [[.
You regained 2 hp, and now have 248/261 hp.
Things that are here:
a +5 scimitar of holy wrath; a +0 tower shield You regained 2 hp, and now have 251/261 hp.
Things that are here:
a +2 whip of holy wrath; a +0 robe; a +3 whip
There is a staircase leading out of the dungeon, spattered with blood here.
Things that are here:
a +0 great sword; a +0 chain mail You regained 2 hp, and now have 254/261 hp.
You start resting.
HP restored.
Health restored: 261 You start resting.
A hellwing comes into view.
You regained 3 mp, and now have 15/23 mp.
A hellwing is nearby!
The hellwing swoops through the air toward you!
You block the hellwing's attack.
The hellwing hits you but does no damage.
You squash the hellwing like an ant!!!
The hellwing decays.
You tail-slap the hellwing, but do no damage.
The hellwing is almost dead.
You now have 6/23 mp.
You pummel the hellwing like a punching bag!!!
You kill the hellwing!
You now have 1/23 mp.
You now have 3571 gold pieces (gained 16).
There is a staircase leading out of the dungeon, spattered with blood here.
Things that are here:
a +0 great sword; a +0 chain mail You start resting.
You start resting.
A hellion comes into view.
You regained 15 mp, and now have 16/23 mp.
Unknown command.
Throw: 69 boomerangs
Press: ? - help, Q - select action, (/) - cycle Shift-Dir - straight line, f - you Really target yourself?
Okay, then.
The hellion gestures at you.
The sphere of damnation explodes!
The damnation engulfs you!
Things that are here:
a +2 whip of holy wrath; a +0 robe; a +3 whip You take 16 damage, and have 245/261 hp.
The hellion gestures at you.
The sphere of damnation explodes!
The damnation engulfs you!!
The damnation engulfs the hellion.
The hellion completely resists.
Things that are here:
a +5 scimitar of holy wrath; a +0 tower shield You take 24 damage, and have 221/261 hp.
You pound the hellion into fine dust!!!
You kill the hellion!
You now have 6/23 mp.
No target in view!
Things that are here:
a +2 whip of holy wrath; a +0 robe; a +3 whip
There is a staircase leading out of the dungeon, spattered with blood here.
Things that are here:
a +0 great sword; a +0 chain mail You regained 2 hp, and now have 225/261 hp.
You start resting.
A blizzard demon comes into view.
You regained 16 hp, and now have 241/261 hp.
You regained 2 mp, and now have 8/23 mp.
A blizzard demon is nearby!
Unknown command.
Items here: $ )))) [[[.
The blizzard demon waves its arms in wide circles.
The air twists around and strikes you.
You regained 2 hp, and now have 245/261 hp.
You pummel the blizzard demon!!
The blizzard demon decays.
You tail-slap the blizzard demon.
The blizzard demon is heavily wounded.
You now have 5/23 mp.
You closely miss the blizzard demon.
The blizzard demon is heavily wounded.
You completely miss the blizzard demon.
The blizzard demon is heavily wounded.
You block the blizzard demon's attack. The blizzard demon misses you.
You barely miss the blizzard demon.
Your tail-slap misses the blizzard demon.
The blizzard demon is heavily wounded.
The blizzard demon is no longer moving slowly.
The blizzard demon is no longer weakened.
You squash the blizzard demon like an ant!!!
You kill the blizzard demon!
No target in view!
You regained 2 hp, and now have 251/261 hp.
You now have 3600 gold pieces (gained 29).
Items here: )))) [[[.
You regained 3 hp, and now have 254/261 hp.
There is a staircase leading out of the dungeon, spattered with blood here.
Things that are here:
a +0 great sword; a +0 chain mail You start resting.
HP restored.
Health restored: 261 You start resting.
A cacodemon and 2 orange demons come into view.
You regained 11 mp, and now have 17/23 mp.
The orange demon screeches! x2
Things that are here:
a +2 whip of holy wrath; a +0 robe; a +3 whip You block the cacodemon's attack.
The cacodemon hits you but does no damage.
The orange demon stings you but does no damage.
Items here: )))) [[[.
You squash the cacodemon like an ant!!!
The cacodemon decays.
You tail-slap the cacodemon, but do no damage.
The cacodemon is heavily wounded.
You now have 6/23 mp.
You pound the cacodemon into fine dust!!!
The cacodemon decays.
The cacodemon is almost dead.
The orange demon stings you but does no damage.
You block the orange demon's attack.
You pummel the cacodemon!!
You kill the cacodemon!
You now have 2/23 mp.
You block the orange demon's attack. The orange demon hits you.
You feel your attacks grow feeble. The orange demon closely misses you.
You block the orange demon's attack.
You see here 3 gold pieces.
You take 4 damage, and have 257/261 hp.
You pummel the orange demon like a punching bag!!!
The orange demon decays.
The orange demon is almost dead.
The orange demon stings you but does no damage.
You block the orange demon's attack. x2; The orange demon misses you.
You regained 3 mp, and now have 5/23 mp.
You pound the orange demon into fine dust!!!
You kill the orange demon!
You block the orange demon's attack. x2
You now have 1/23 mp.
You pummel the orange demon!!
The orange demon decays.
You tail-slap the orange demon, but do no damage.
The orange demon is moderately wounded.
You barely miss the orange demon. You tail-slap the orange demon.
The orange demon is heavily wounded.
You pulverise the orange demon!!!
You kill the orange demon!
Health restored: 261 No target in view!
An Orb Guardian comes into view.
An Orb Guardian is nearby!
Unknown command.
A shadow demon comes into view.
The shadow demon gives a loud, deep croak!
Items here: )))) [[[.
You barely miss the shadow demon.
You tail-slap the shadow demon, but do no damage.
The shadow demon gestures.
You closely miss the shadow demon.
Your tail-slap misses the shadow demon.
The bat completely misses you.
You barely miss the shadow demon.
The shadow demon gestures.
You closely miss the Orb Guardian.
Your tail-slap misses the Orb Guardian.
The bat misses you. You block the bat's attack.
You block the Orb Guardian's attack. The shadow demon misses you.
You pummel the Orb Guardian!!
The Orb Guardian decays.
You drain the Orb Guardian.
The Orb Guardian is moderately wounded.
The bat hits you but does no damage.
You now have 3/23 mp.
You hit the Orb Guardian.
The Orb Guardian decays.
You drain the Orb Guardian.
Your tail-slap misses the Orb Guardian.
The Orb Guardian is heavily wounded.
You block the bat's attack.
The Orb Guardian hits you but does no damage.
The shadow demon misses you.
You now have 1/23 mp.
You pummel the Orb Guardian!!
The Orb Guardian decays.
You drain the Orb Guardian!
The Orb Guardian is almost dead.
You block the bat's attack.
The Orb Guardian hits you but does no damage.
The shadow demon barely misses you.
You regained 3 mp, and now have 4/23 mp.
You barely miss the Orb Guardian.
Your tail-slap misses the Orb Guardian.
The Orb Guardian is almost dead.
You block the bat's attack.
You pound the Orb Guardian into fine dust!!!
You kill the Orb Guardian!
The bat closely misses you. You block the shadow demon's attack.
You now have 2/23 mp.
You pummel the shadow demon!!
The shadow demon decays.
The shadow demon is moderately wounded.
The bat is distracted by your dazzling golden aura.
You hit the shadow demon.
The shadow demon decays.
The shadow demon is moderately wounded.
You now have 0/23 mp.
You barely miss the shadow demon.
The shadow demon is moderately wounded.
The shadow demon is distracted by your dazzling golden aura.
You catch the helpless shadow demon completely off-guard!
You punch the shadow demon!
The shadow demon decays.
The shadow demon is no longer distracted by gold.
The shadow demon is heavily wounded.
The bat is no longer distracted by gold.
You block the bat's attack.
The rat is distracted by your dazzling golden aura.
You regained 2 mp, and now have 2/23 mp.
You hit the shadow demon but do no damage.
The shadow demon is heavily wounded.
The bat completely misses you.
You now have 0/23 mp.
You punch the shadow demon!
The shadow demon decays.
You tail-slap the shadow demon, but do no damage.
The shadow demon is almost dead.
Something rustles, "Slither hence whilst thou can!"
The bat is distracted by your dazzling golden aura.
The shadow demon is distracted by your dazzling golden aura.
The shadow demon croaks.
You regained 3 mp, and now have 3/23 mp.
You barely miss the shadow demon.
The shadow demon is no longer distracted by gold.
The shadow demon is almost dead.
Omyfreil comes into view.
You hit the shadow demon but do no damage.
The shadow demon is almost dead.
You now have 0/23 mp.
You pummel the shadow demon!!
You kill the shadow demon!
The bat dissolves into shadows!
The rat dissolves into shadows!
You pummel Omyfreil!!
Omyfreil decays.
You tail-slap Omyfreil.
Omyfreil is lightly wounded.
Omyfreil is distracted by your dazzling golden aura.
You regained 2 mp, and now have 3/23 mp.
You barely miss Omyfreil.
Omyfreil is no longer distracted by gold.
Omyfreil whispers, "Thy spine shall be my snacklet!"
Your tail-slap misses Omyfreil.
Omyfreil is lightly wounded.
You closely miss Omyfreil.
Your tail-slap misses Omyfreil.
Omyfreil is lightly wounded.
Omyfreil is distracted by your dazzling golden aura.
You miss Omyfreil.
Omyfreil is no longer distracted by gold.
You tail-slap Omyfreil.
Omyfreil is lightly wounded.
Your attacks no longer feel as feeble.
You pound Omyfreil into fine dust!!!
Omyfreil decays.
Your tail-slap misses Omyfreil.
Omyfreil is moderately wounded.
Omyfreil gestures.
You resist with almost no effort.
You regained 3 mp, and now have 6/23 mp.
You completely miss Omyfreil.
Your tail-slap misses Omyfreil.
Omyfreil is moderately wounded.
Omyfreil engulfs you.
You squash Omyfreil like an ant!!!
Omyfreil decays.
Omyfreil is severely wounded.
You regained 2 mp, and now have 8/23 mp.
You pound Omyfreil into fine dust!!!
Omyfreil decays.
Omyfreil is almost dead.
Omyfreil engulfs you.
You now have 6/23 mp.
You closely miss Omyfreil.
Omyfreil is almost dead.
You closely miss Omyfreil.
Your tail-slap misses Omyfreil.
Omyfreil is almost dead.
You block Omyfreil's attack.
You completely miss Omyfreil.
You tail-slap Omyfreil, but do no damage.
Omyfreil is severely wounded.
Omyfreil engulfs you.
You pummel Omyfreil like a punching bag!!!
Omyfreil decays.
Omyfreil is almost dead.
You now have 5/23 mp.
You completely miss Omyfreil.
Omyfreil is almost dead.
Omyfreil gestures.
You resist with almost no effort.
You completely miss Omyfreil. You tail-slap Omyfreil.
Omyfreil is almost dead.
You punch Omyfreil!
You kill Omyfreil!
You now have 1/23 mp.
Unknown command.
There is a strange disturbance nearby!
You regained 4 mp, and now have 5/23 mp.
Unknown command.
Deactivating autopickup; reactivate with Ctrl-A.
You barely miss something. You pummel something!! Something barely misses you.
You now have 2/23 mp.
You barely miss something. You punch something! You miss something.
Something hits you but does no damage.
You miss something. You completely miss something. You pummel something!!
Something hits you but does no damage.
You pulverise something!!!
Reactivating autopickup.
You feel a bit more experienced.
You now have 2/23 mp.
You now have 3623 gold pieces (gained 23).
Things that are here:
a +5 scimitar of holy wrath; a +0 tower shield A seraph comes into view.
It is wielding a +3 great sword of flaming.
You regained 2 mp, and now have 4/23 mp.
Unknown command.
Unknown command.
The seraph shouts!
The seraph gestures.
Items here: )))) [[[.
Unknown command.
The cherub sings a powerful hymn!
The angels go into a battle-frenzy!
The daeva calls down the wrath of the Shining One upon you.
The Shining One smites you!
The seraph gestures.
The seraph begins to accept its allies' injuries.
You see here 9 gold pieces.
You take 11 damage, and have 250/261 hp.
There is a staircase leading out of the dungeon, spattered with blood here.
Things that are here:
a +0 great sword; a +0 chain mail You pound the seraph into fine dust!!!
The seraph decays.
You tail-slap the seraph, but do no damage.
The seraph is moderately wounded.
You hear a bellow!
You regained 4 mp, and now have 8/23 mp.
You squash the seraph like an ant!!!
The seraph decays.
The seraph is severely wounded.
You block the daeva's attack. The daeva hits you but does no damage.
The cherub unwields a +3 flail of flaming.
It stops flaming.
The cherub wields a +0 longbow.
The cherub shoots an arrow.
You block the arrow.
You pulverise the seraph!!!
The seraph decays.
The seraph is almost dead.
You block the seraph's attack. The seraph hits you but does no damage.
An angel comes into view.
It is wielding a +3 sacred scourge of holy wrath.
You now have 6/23 mp.
You punch the seraph!
The seraph decays.
You tail-slap the seraph, but do no damage.
The seraph is almost dead.
The daeva barely misses you. The daeva misses you.
A ynoxinul comes into view.
The cherub sings a powerful hymn!
The angel goes into a battle-frenzy!
The seraph shouts a warning to its allies!
You now have 2/23 mp.
You punch the seraph!
The seraph decays.
Your tail-slap misses the seraph.
The seraph is almost dead.
The daeva calls down the wrath of the Shining One upon you.
The Shining One smites you!
You take 12 damage, and have 243/261 hp.
You pulverise the seraph!!!
You kill the seraph!
The cherub dissolves into sparkling lights! x2
The daeva dissolves into sparkling lights!
You now have 1/23 mp.
There are monsters nearby!
The ynoxinul gestures at you. The iron shot hits you.
Items here: $ )) [.
You take 2 damage, and have 242/261 hp.
You block the angel's attack. The angel hits you but does no damage.
The ynoxinul gestures.
The angel barely misses you.
The angel hits you with a +3 sacred scourge of holy wrath!
You convulse.
There is a staircase leading out of the dungeon, spattered with blood here.
Things that are here:
a +0 great sword; a +0 chain mail You take 10 damage, and have 232/261 hp.
You closely miss the angel.
You tail-slap the angel, but do no damage.
A cherub comes into view.
It is wielding a +4 falchion of flaming.
The angel hits you with a +3 sacred scourge of holy wrath!!
You convulse!!
You block the angel's attack.
You take 54 damage, and have 178/261 hp.
MASSIVE DAMAGE!!
You pound the angel into fine dust!!!
The angel decays.
The angel is severely wounded.
The ynoxinul is distracted by your dazzling golden aura.
You regained 6 mp, and now have 8/23 mp.
Unknown command.
The ynoxinul bellows!
You punch the angel!
The angel decays.
You tail-slap the angel.
The angel is almost dead.
The angel gestures.
The angel is healed somewhat.
You now have 3/23 mp.
You pound the angel into fine dust!!!
You kill the angel!
You block the ufetubus's attack.
The ufetubus hits you but does no damage.
The cherub unwields a +4 falchion of flaming.
It stops flaming.
The cherub wields a +0 sling.
The cherub shoots a sling bullet.
You block the sling bullet.
You barely miss the ufetubus. You tail-slap the ufetubus!
You kill the ufetubus!
The ufetubus disappears in a puff of smoke!
You closely miss the ufetubus. You tail-slap the ufetubus.
You kill the ufetubus!
The ufetubus disappears in a puff of smoke!
The ynoxinul is no longer distracted by gold.
The cherub shoots a sling bullet.
The sling bullet hits you but does no damage.
You pummel the ufetubus!!
You kill the ufetubus!
The ufetubus disappears in a puff of smoke!
The cherub shoots a sling bullet.
You block the sling bullet.
You now have 1/23 mp.
You pulverise the ynoxinul!!!
You kill the ynoxinul!
You regained 3 mp, and now have 4/23 mp.
Things that are here:
6 gold pieces; a +3 sacred scourge of holy wrath; a +0 robe You pound the cherub into fine dust!!!
The cherub decays.
You tail-slap the cherub.
The cherub is severely wounded.
You hear a screech!
The cherub unwields a +0 sling.
The cherub wields a +4 falchion of flaming.
It bursts into flame!
You block the cherub's attack. x2
You regained 2 mp, and now have 7/23 mp.
You hit the cherub but do no damage.
Your tail-slap misses the cherub.
The cherub is severely wounded.
You now have 0/23 mp.
The cherub blocks your attack.
The cherub is severely wounded.
You pulverise the cherub!!!
You kill the cherub!
You regained 2 mp, and now have 2/23 mp.
You now have 3630 gold pieces (gained 7).
Items here: )) [[.
You regained 2 hp, and now have 191/261 hp.
You now have 3636 gold pieces (gained 6).
Things that are here:
a +3 sacred scourge of holy wrath; a +0 robe You regained 3 hp, and now have 194/261 hp.
You start resting.
A rust devil comes into view.
You regained 3 hp, and now have 197/261 hp.
There is a staircase leading out of the dungeon, spattered with blood here.
Things that are here:
a +0 great sword; a +0 chain mail You regained 2 hp, and now have 199/261 hp.
A rust devil is nearby!
You squash the rust devil like an ant!!!
You kill the rust devil!
You hear a roar!
A Hell Sentinel comes into view.
You regained 4 mp, and now have 7/23 mp.
Items here: $ )) [[.
You pound the Hell Sentinel into fine dust!!!!
The Hell Sentinel decays.
The Hell Sentinel is severely wounded.
You regained 7 mp, and now have 14/23 mp.
You pummel the Hell Sentinel like a punching bag!!!
You kill the Hell Sentinel!
You now have 4/23 mp.
No target in view!
There is a staircase leading out of the dungeon, spattered with blood here.
Things that are here:
a +0 great sword; a +0 chain mail You regained 2 hp, and now have 207/261 hp.
Unknown command.
You start resting.
A soul eater comes into view.
You regained 11 hp, and now have 218/261 hp.
You regained 2 mp, and now have 6/23 mp.
A soul eater is nearby!
Items here: $ )) [.
You regained 2 hp, and now have 220/261 hp.
Things that are here:
a +5 scimitar of holy wrath; a +0 tower shield You block the soul eater's attack.
You see here 8 gold pieces.
You regained 2 hp, and now have 223/261 hp.
You pummel the soul eater!!
The soul eater decays.
The soul eater is heavily wounded.
You now have 3/23 mp.
You closely miss the soul eater.
The soul eater is heavily wounded.
You block the soul eater's attack.
You pound the soul eater into fine dust!!!
You kill the soul eater!
No target in view!
You start resting.
A toenail golem comes into view.
You regained 20 hp, and now have 245/261 hp.
You regained 2 mp, and now have 6/23 mp.
A toenail golem is nearby!
Items here: $ )) [[.
You regained 2 hp, and now have 247/261 hp.
Unknown command.
You block the toenail golem's attack.
You see here 5 gold pieces.
You squash the toenail golem like an ant!!!!
You destroy the toenail golem!
You now have 6/23 mp.
No target in view!
No target in view!
You now have 3643 gold pieces (gained 7).
Items here: )) [[.
You regained 3 hp, and now have 252/261 hp.
You now have 3651 gold pieces (gained 8).
You regained 3 hp, and now have 255/261 hp.
Things that are here:
a +5 scimitar of holy wrath; a +0 tower shield You start resting.
HP restored.
Health restored: 261 You start resting.
Magic restored.
MP restored: 23 You start waiting.
A hellephant comes into view.
Items here: $ )) [.
You pummel the hellephant like a punching bag!!!!
The hellephant decays.
The hellephant is severely wounded.
You now have 13/23 mp.
You pummel the hellephant like a punching bag!!!
The hellephant decays.
You tail-slap the hellephant.
You kill the hellephant!
You now have 7/23 mp.
No target in view!
You start resting.
A sun demon comes into view.
You regained 2 mp, and now have 9/23 mp.
A sun demon is nearby!
Items here: )))) [[[.
You see here 3 gold pieces.
Unknown command.
You block the sun demon's attack.
You see here 37 gold pieces.
You pummel the sun demon like a punching bag!!!
The sun demon decays.
You tail-slap the sun demon, but do no damage.
The sun demon is almost dead.
You now have 7/23 mp.
You hit the sun demon.
You kill the sun demon!
You now have 0/23 mp.
No target in view!
A cherub comes into view.
It is wielding a +1 falchion of flaming.
You regained 7 mp, and now have 7/23 mp.
A cherub is nearby!
The cherub's ox head lows!
The cherub unwields a +1 falchion of flaming.
It stops flaming.
The cherub wields a +0 longbow.
The cherub shoots an arrow.
You block the arrow.
You see here 18 gold pieces.
An Orb Guardian comes into view.
The cherub shoots an arrow.
The arrow hits you but does no damage.
The cherub shoots an arrow.
The arrow closely misses you.
You see here a +2 scythe of venom.
You pulverise the Orb Guardian!!!!
The Orb Guardian decays.
You drain the Orb Guardian.
You kill the Orb Guardian!
The cherub shoots an arrow.
You block the arrow.
You regained 2 mp, and now have 10/23 mp.
The cherub unwields a +0 longbow.
The cherub wields a +1 falchion of flaming.
It bursts into flame!
The cherub hits you with a +1 falchion of flaming!
The cherub burns you. You block the cherub's attack.
You see here 28 gold pieces.
You take 10 damage, and have 251/261 hp.
You completely miss the cherub.
Your tail-slap misses the cherub.
You completely miss the cherub. You block the cherub's attack.
The cherub completely misses you.
You pulverise the cherub!!!
The cherub decays.
The cherub is heavily wounded.
You now have 5/23 mp.
You completely miss the cherub.
The cherub is heavily wounded.
You block the cherub's attack. The cherub barely misses you.
You pound the cherub into fine dust!!!
You kill the cherub!
No target in view!
You see here a +2 scythe of venom.
HP restored.
You now have 3660 gold pieces (gained 9).
Items here: )))) [[[.
There is a staircase leading out of the dungeon, spattered with blood here.
Things that are here:
a +0 great sword; a +0 chain mail; Health restored: 261 You regained 2 mp, and now have 8/23 mp.
You start resting.
A blizzard demon comes into view.
You regained 3 mp, and now have 11/23 mp.
You punch the blizzard demon!
The blizzard demon decays.
You tail-slap the blizzard demon!
The blizzard demon is moderately wounded.
You now have 2/23 mp.
You pulverise the blizzard demon!!!
You kill the blizzard demon!
You regained 4 mp, and now have 6/23 mp.
No target in view!
You start resting.
A rust devil comes into view.
You regained 8 mp, and now have 14/23 mp.
Items here: )))) [[[.
You block the rust devil's attack.
You see here 3 gold pieces.
You pulverise the rust devil!!!
You kill the rust devil!
Training target 27.0 for Shapeshifting reached!
You have mastered Shapeshifting!
You need to enable at least one skill for training.
You now have 6/23 mp.
Unknown command.
You now have 3690 gold pieces (gained 30).
There is a staircase leading out of the dungeon, spattered with blood here.
Things that are here:
a +0 great sword; a +0 chain mail You can't go down here!
Unknown command.
You have escaped!

#.# #.8.....8.....8.#..
#.# #...###...###.$.#..
#.# ########### ##.##.#
#.# #...##..)$###.$.#.#
#.# #$8$.$..8.$...8.###
#.# #)$$$.#.$.###...#
#.####.$.###.## #####
#.#.#..)###.$.###...#
#.#.#)z$).)$8.)$$.8.#
#.#$$.$)#.#...###...#
#....###)####.####'####
###.......# ##.###...#.
######### ##.####..>
##.###.#. ##.##.#.
#...... #.##.##


There were no monsters in sight!

Vanquished Creatures
  3 seraphim
  Tiamat (Zot:4)
  3 dread liches
  10 orbs of fire
  2 ancient liches
  2 juggernauts (Depths:2)
  Vv (Depths:3)
  The ghost of Puseuno the Minotaur Barricade, a veteran MiCA of Jiyva (Depths:1)
  The ghost of Tazok the Minotaur Barricade, a veteran MiCA of Jiyva (Depths:1)
  The ghost of Ivue the Minotaur Barricade, a veteran MiCA of Jiyva (Depths:1)
  Frederick (Crypt:1)
  6 Killer Klowns
  5 curse toes
  The ghost of Ruserit the Hoplite, a veteran HOFi of Beogh (Depths:1)
  The ghost of Tosh the Hoplite, a veteran HOFi of Beogh (Depths:1)
  3 caustic shrikes (Depths:3)
  8 golden dragons
  Jory (Crypt:2)
  A profane servitor (D:1)
  A bone dragon (Crypt:3)
  the Enchantress (Depths:2)
  Norris (Depths:3)
  7 Brimstone Fiends
  2 hellephants
  4 electric golems
  3 Tzitzimimeh (D:1)
  A shard shrike zombie (Crypt:3)
  5 Hell Sentinels
  13 liches
  22 tentacled monstrosities
  38 Orb Guardians
  6 Ice Fiends
  Zenata (Crypt:2)
  2 deep elf blademasters (Elf:3)
  4 quicksilver dragons
  A titan (Shoals:4)
  2 deep elf master archers (Elf:3)
  3 sphinxes
  5 Executioners (D:1)
  5 death cobs
  2 krakens
  7 ancient champions
  The ghost of mallonox the Executioner, an adept MiBe of Trog (Shoals:2)
  The ghost of Vyimam the Brawler, an adept TrGl of Hepliaklqana (Depths:1)
  The ghost of Elubun the Brawler, an adept TrGl of Hepliaklqana (Depths:1)
  The ghost of Elubun the Brawler, an adept TrGl of Hepliaklqana (Depths:1)
  4 tengu reavers
  Gastronok (Lair:1)
  Frances (D:12)
  2 tentacled starspawn (Abyss:4)
  10 nagarajas (Snake:4)
  11 shadow dragons
  Agnes (D:15)
  2 daevas (D:1)
  2 revenants (Crypt:2)
  5 draconian monks
  10 storm dragons
  Donald (Elf:2)
  9 draconian knights
  8 fire giants
  7 frost giants
  7 draconian scorchers
  7 vault wardens
  2 balrugs
  10 deep elf sorcerers (Elf:3)
  2 iron dragons
  6 angels
  A curse skull (Crypt:2)
  14 pandemonium lords
  6 ghost moths
  10 draconian shifters
  A juggernaut zombie (Crypt:3)
  3 orc warlords
  8 deep elf elementalists
  11 ghouls
  4 draconian annihilators
  A demonspawn blood saint (D:1)
  Louise (D:15)
  4 cacodemons (D:1)
  A demonspawn corrupter (D:1)
  20 ironbound preservers
  19 stone giants
  5 reapers (D:1)
  18 very ugly things
  A formless jellyfish (Vaults:4)
  3 spriggan defenders (Depths:2)
  14 green draconians
  5 ironbound thunderhulks
  2 draconian stormcallers (Zot:4)
  4 deep elf demonologists (Elf:3)
  5 vampire knights
  2 demonspawn black suns (D:1)
  8 dire elephants (Abyss:4)
  7 deep elf annihilators
  12 black draconians
  13 purple draconians
  7 lorocyprocas (D:1)
  9 yellow draconians
  7 red draconians
  14 spark wasps
  7 white draconians
  4 green deaths (D:1)
  11 ettins
  5 deep elf death magi
  7 eidola
  6 blizzard demons
  17 jiangshi
  4 fire dragons
  5 merfolk javelineers
  Snorg (Orc:2)
  9 merfolk impalers
  Josephine (Orc:1)
  6 great orbs of eyes
  9 deep elf high priests (Elf:3)
  4 hydras
  4 salamander tyrants
  3 entropy weavers
  Fannar (D:12)
  7 yaktaur captains
  4 hell beasts
  5 vault guards
  3 rakshasas
  8 ice dragons
  18 centaur warriors
  6 merfolk aquamancers
  5 ironbound frosthearts
  6 merfolk avatars
  4 two-headed ogres
  A juggernaut simulacrum (Depths:1)
  7 spriggan air magi
  A fenstrider witch zombie (Crypt:1)
  13 anacondas
  2 death knights
  23 dancing weapons
  3 deep troll shamans
  3 satyrs
  3 boulder beetles
  19 naga warriors
  7 death yaks (Lair:5)
  12 tengu warriors
  5 vampire magi
  6 deep troll earth magi
  6 thrashing horrors
  Urug (Orc:1)
  A titan zombie (Vaults:3)
  3 demonic crawlers (D:1)
  10 naga sharpshooters
  An orc high priest (Orc:2)
  Sonja (Lair:1)
  6 spriggan berserkers
  6 shock serpents
  11 sun demons
  A storm dragon zombie (Depths:3)
  18 deep elf knights
  6 hell hogs (D:1)
  8 soul eaters
  17 skeletal warriors
  7 skysharks
  5 wretched stars
  A golden dragon zombie (Depths:1)
  An iron troll (shapeshifter) (D:14)
  A fire crab (shapeshifter) (D:14)
  6 iron trolls
  3 shadow wraiths
  3 sixfirhies
  Lodul (D:12)
  2 cherubim (D:1)
  6 naga ritualists
  4 salamander mystics
  76 deep trolls
  A spatial maelstrom (Abyss:4)
  A bog body (Crypt:1)
  A storm dragon skeleton (Depths:3)
  An anaconda zombie (Crypt:3)
  A death drake (Abyss:3)
  4 glowing orange brains
  11 ironbound convokers
  17 wizards
  12 sea snakes
  8 shadow demons
  6 flayed ghosts
  7 necromancers
  10 deep elf archers
  A golden dragon skeleton (Depths:3)
  6 lindwurms
  An anaconda skeleton (Abyss:2)
  A harpy (shapeshifter) (Elf:2)
  A shadow dragon skeleton (Crypt:1)
  11 harpies
  4 phantasmal warriors
  2 obsidian statues
  29 deep elf pyromancers
  11 orc knights
  A mana viper (shapeshifter) (Elf:2)
  8 mana vipers
  5 cyclopes
  9 orc sorcerers
  22 deep elf zephyrmancers
  A worldbinder (Abyss:2)
  22 fauns
  45 ugly things
  13 manticores
  17 moths of wrath
  An iron dragon skeleton (Depths:3)
  2 stone giant zombies
  6 rust devils (D:1)
  12 elephants
  A frost giant skeleton (Crypt:3)
  22 salamanders
  6 water nymphs
  18 naga magi
  Maurice (D:11)
  4 vault sentinels
  A stone giant skeleton (Crypt:1)
  An apocalypse crab (Abyss:4)
  13 merfolk sirens
  A centaur zombie (Crypt:3)
  36 black mambas
  10 guardian serpents
  A toenail golem (D:1)
  A fire giant skeleton (Depths:2)
  5 molten gargoyles
  4 torpor snails (Depths:3)
  A dire elephant skeleton (Crypt:2)
  5 gargoyles
  5 cane toads
  9 orange demons
  6 smoke demons
  4 kobold demonologists
  A rime drake (shapeshifter) (D:15)
  An unseen horror (D:11)
  4 efreet
  2 hellions
  5 rime drakes
  5 komodo dragons
  3 tormentors
  5 tengu conjurers
  4 freezing wraiths
  23 yaktaurs
  An unseen horror skeleton (Crypt:2)
  3 ice devils (D:1)
  A red devil (D:1)
  8 hellwings
  2 spriggan skeletons
  A mana viper zombie (Crypt:2)
  31 merfolk
  A yellow draconian skeleton (Crypt:3)
  2 ancient zymes
  A harpy zombie (Crypt:3)
  13 wind drakes
  2 trolls
  3 meliai (D:13)
  A moth of wrath zombie (Crypt:1)
  3 polar bears
  2 raiju (shapeshifter)
  A merfolk (shapeshifter) (Lair:5)
  13 snapping turtles
  3 hornets
  A tengu simulacrum (Vaults:3)
  24 blink frogs
  3 dream sheep (Shoals:3)
  11 raiju
  35 slime creatures
  15 air elementals
  A centaur simulacrum (D:14)
  Sigmund (D:3)
  A jumping spider (Vaults:2)
  2 spriggans
  6 flying skulls
  10 wraiths
  4 ynoxinuls
  31 water elementals
  A shadow (D:11)
  57 yaks
  A fire bat (shapeshifter) (Lair:5)
  4 wyverns
  3 fire elementals
  5 basilisks
  7 neqoxecs
  6 golden eyes (Abyss:3)
  6 large abominations
  16 humans (D:14)
  A redback (Vaults:1)
  5 chaos spawn
  4 vampire mosquitoes
  A fire bat zombie (Crypt:1)
  3 spatial vortices
  2 acid dragons
  3 steam dragons
  33 nagas
  2 wargs
  A harpy simulacrum (Crypt:1)
  11 water moccasins
  A human zombie (Depths:1)
  A deep troll zombie (Crypt:3)
  A floating eye (Depths:3)
  A merfolk skeleton (Crypt:2)
  10 hell hounds
  Pargi (D:3)
  A cane toad skeleton (Crypt:3)
  2 ice beasts
  A sky beast (Abyss:3)
  A black bear (shapeshifter) (D:14)
  40 orc warriors
  13 small abominations
  21 wolves
  12 ogres
  11 centaurs
  A hog zombie (Crypt:2)
  2 phantoms
  An elf zombie (Crypt:1)
  4 kobold brigands
  2 earth elementals
  8 bullfrogs
  An elf skeleton (Crypt:2)
  A gnoll sergeant (D:11)
  7 necrophages
  2 scorpions
  A troll zombie (Crypt:3)
  A cyclops skeleton (Crypt:1)
  3 killer bees (D:11)
  2 spriggan zombies
  A shapeshifter skeleton (Crypt:3)
  10 electric eels
  10 howler monkeys
  A raiju skeleton (Crypt:1)
  A lava snake (Lair:1)
  A quasit (Abyss:4)
  3 jellies
  15 orc priests
  3 hounds
  2 gnoll boudas
  2 iguanas
  2 iron imps (Abyss:3)
  27 orc wizards
  Robin (D:3)
  17 gnolls
  5 adders
  A howler monkey skeleton (Crypt:1)
  A swamp drake zombie (Crypt:1)
  A shadow imp (D:1)
  3 white imps
  A jelly zombie (Crypt:3)
  An adder skeleton (Crypt:3)
  A worm (D:2)
  2 dart slugs (D:4)
  71 orcs
  8 ball pythons
  13 endoplasms
  8 giant cockroaches
  14 goblins
  8 hobgoblins
  2 jackals (D:2)
  5 quokkas
  6 bats
  2 frilled lizards
  A goblin zombie (Crypt:2)
  A hobgoblin skeleton (Crypt:3)
  A jackal skeleton (Crypt:2)
  15 kobolds
  An orc zombie (Crypt:1)
  2 rats (D:3)
  A river rat skeleton (Crypt:1)
  2 butterflies
  A lurking horror (Abyss:3)
  2 starspawn tentacles (Abyss:4)
  6 tentacles
2390 creatures vanquished.

Vanquished Creatures (others)
  A golden dragon (Zot:3)
  A draconian knight (Zot:3)
  A naga warrior (Snake:4)
  3 orcs
  A lurking horror (Abyss:3)
  3 starspawn tentacles (Abyss:4)
  29 tentacles
39 creatures vanquished.

Grand Total: 2429 creatures vanquished

Notes
Turn   | Place    | Note
-------+----------+-------------------------------------------
     0 | D:1      | steven32 the Draconian Shapeshifter began the quest for the
                  | Orb.
     0 | D:1      | Reached XP level 1. HP: 16/16 MP: 1/1
   171 | D:1      | Reached XP level 2. HP: 23/23 MP: 2/2
   773 | D:2      | Reached XP level 3. HP: 27/29 MP: 3/3
  1058 | D:3      | Noticed Sigmund
  1066 | D:3      | Killed Sigmund
  1067 | D:3      | Reached XP level 4. HP: 38/38 MP: 4/4
  1067 | D:3      | Reached XP level 5. HP: 45/45 MP: 5/5
  1162 | D:4      | Reached skill level 5 in Unarmed Combat
  1248 | D:4      | Identified the ring "Butt" {Fly Int+5 Slay-2}
  1422 | D:4      | Reached skill level 4 in Shapeshifting
  1481 | D:4      | Reached XP level 6. HP: 51/51 MP: 6/6
  2168 | D:5      | Entered Level 5 of the Dungeon
  2721 | D:5      | Found a staircase to the Ecumenical Temple.
  2761 | Temple   | Found a transporter.
  2761 | Temple   | Found a transporter.
  2761 | Temple   | Found a transporter.
  2761 | Temple   | Found a transporter.
  2761 | Temple   | Entered the Ecumenical Temple
  2853 | D:5      | Found a glowing silver altar of Zin.
  2853 | D:5      | Noticed an angel
  3102 | D:6      | Found a white marble altar of Elyvilon.
  3106 | D:6      | Your scales start taking on a glossy black colour.
  3106 | D:6      | Reached XP level 7. HP: 57/59 MP: 7/7
  3106 | D:6      | Gained mutation: You are resistant to electric shocks.
                  | (rElec) [Black Draconian growth]
  3337 | D:6      | Noticed a steam dragon
  3592 | D:6      | Reached skill level 5 in Shapeshifting
  4670 | D:7      | Reached skill level 5 in Fighting
  4670 | D:7      | Reached XP level 8. HP: 39/68 MP: 3/8
  4955 | D:7      | Found Esuluul's Assorted Antiques.
  4964 | D:7      | Bought an ancient cloak for 161 gold pieces
  4964 | D:7      | Identified the +0 cloak "Kavydafe" {rC- Str+7 Int+2 Stlth+}
                  | (You bought it in a shop on level 7 of the Dungeon)
  5383 | D:7      | Identified the +3 war axe "Grim Tooth" {drain, rC+}
  5760 | D:7      | Found a snail-covered altar of Cheibriados.
  5937 | D:6      | Reached skill level 6 in Shapeshifting
  6259 | D:3      | Reached XP level 9. HP: 64/75 MP: 7/9
  6308 | D:3      | Noticed Pargi
  6328 | D:3      | Killed Pargi
  6412 | D:3      | Found a shadowy altar of Dithmenos.
  6463 | D:3      | Noticed Robin
  6495 | D:3      | Killed Robin
  6863 | D:8      | Reached skill level 7 in Shapeshifting
  7195 | D:8      | Reached skill level 10 in Unarmed Combat
  7344 | D:8      | Found a hazy altar of Hepliaklqana.
  7464 | D:8      | Found Ynipp's Book Shoppe.
  7553 | D:8      | Found a sparkling altar of Nemelex Xobeh.
  7755 | D:9      | Found an opulent altar of Gozag.
  7764 | D:9      | Became a worshipper of Gozag Ym Sagoz the Greedy
  7802 | D:9      | Identified a scroll of acquirement
  7804 | D:9      | Acquired the +3 pair of boots of the Nightingale {Dex+3
                  | Slay+3}
  7889 | D:9      | Paralysed by a hornet for 1 turns
  7933 | D:9      | Reached XP level 10. HP: 32/88 MP: 6/10
  8257 | D:9      | Found a shimmering blue altar of Sif Muna.
  8680 | D:9      | Found a glowing golden altar of the Shining One.
  8839 | D:10     | Entered Level 10 of the Dungeon
  8846 | D:10     | Found a hide-covered altar of Uskayaw.
  8894 | D:10     | Noticed a two-headed ogre
  8905 | D:10     | Killed a two-headed ogre
  9157 | D:10     | Found a burning altar of Makhleb.
  9157 | D:10     | Noticed a balrug
  9766 | D:10     | Noticed a two-headed ogre
  9793 | D:10     | Killed a two-headed ogre
  9794 | D:10     | Reached skill level 5 in Dodging
 10038 | D:11     | Noticed a manticore
 10045 | D:11     | Killed a manticore
 10150 | D:11     | Reached XP level 11. HP: 78/97 MP: 9/11
 10314 | D:11     | Found a staircase to the Lair.
 10924 | D:11     | Found a portal to a secret trove of treasure.
 11266 | D:11     | Noticed Maurice
 11274 | D:11     | Maurice stole the ring "Butt" {Fly Int+5 Slay-2}
 11275 | D:11     | Killed Maurice
 12282 | Lair:1   | Entered Level 1 of the Lair of Beasts
 12435 | Lair:1   | Noticed Gastronok
 12453 | Lair:1   | Killed Gastronok
 12499 | Lair:1   | Reached skill level 10 in Fighting
 12695 | Lair:1   | Reached skill level 8 in Shapeshifting
 12710 | Lair:1   | Reached XP level 12. HP: 75/106 MP: 8/12
 12869 | Lair:1   | Noticed Sonja
 12872 | Lair:1   | Killed Sonja
 13059 | Lair:1   | Acquired 615 gold pieces
 13455 | Lair:2   | You fall into a shaft and drop 1 floor!
 14184 | Lair:2   | Found a staircase to the Shoals.
 14260 | Lair:2   | Reached skill level 9 in Shapeshifting
 14384 | Lair:2   | Noticed a four-headed hydra
 14397 | Lair:2   | Killed a four-headed hydra
 14759 | Lair:1   | Bought a maw talisman for 480 gold pieces
 15065 | Lair:3   | Reached skill level 10 in Shapeshifting
 15080 | Lair:3   | Found a staircase to the Snake Pit.
 15183 | Lair:3   | Found a hide-covered altar of Uskayaw.
 15214 | Lair:3   | Reached XP level 13. HP: 116/116 MP: 13/13
 15366 | Lair:3   | Reached skill level 15 in Unarmed Combat
 16581 | Lair:5   | Entered Level 5 of the Lair of Beasts
 16581 | Lair:5   | Found a staircase to the Slime Pits.
 16710 | Lair:5   | Found a dark tunnel.
 16738 | Lair:5   | Reached skill level 10 in Dodging
 16778 | Volcano  | Entered a volcano
 17029 | Volcano  | Reached skill level 11 in Shapeshifting
 17146 | Volcano  | Noticed an orb of fire
 17154 | Volcano  | Noticed an orb of fire
 17582 | Lair:5   | Reached skill level 12 in Shapeshifting
 17582 | Lair:5   | Reached skill level 1 in Throwing
 17803 | Lair:5   | Gained mutation: Your large and strong wings let you fly.
                  | [Black Draconian growth]
 17803 | Lair:5   | Reached XP level 14. HP: 126/126 MP: 14/14
 18177 | Lair:5   | Reached skill level 5 in Throwing
 18431 | Lair:5   | Found a corrupted altar of Lugonu.
 18431 | Lair:5   | Found a one-way gate to the infinite horrors of the Abyss.
 18860 | D:12     | Noticed Frances
 19613 | D:12     | Found a staircase to the Orcish Mines.
 19730 | Orc:1    | Entered Level 1 of the Orcish Mines
 19730 | Orc:1    | Noticed Urug
 19730 | Orc:1    | Noticed Fannar
 19746 | D:12     | Killed Fannar
 19809 | Orc:1    | Killed Urug
 19866 | Orc:1    | Noticed Josephine
 19895 | Orc:1    | Killed Josephine
 20680 | Orc:2    | Entered Level 2 of the Orcish Mines
 21007 | Orc:2    | Found Neyvomo's Antique Weapon Emporium.
 21054 | Orc:2    | Found a staircase to the Elven Halls.
 21061 | Orc:2    | Noticed an orc warlord
 21067 | Orc:2    | Found Tucwudwuy's Jewellery Shop.
 21147 | Orc:1    | Killed an orc warlord
 21376 | Lair:1   | Bought a scroll labelled IMAWNI FULU for 18 gold pieces
 21376 | Lair:1   | Bought a red potion for 16 gold pieces
 21376 | Lair:1   | Bought a potion of curing for 54 gold pieces
 21376 | Lair:1   | Bought a scroll of fear for 72 gold pieces
 21376 | Lair:1   | Bought a glittering granite ring for 90 gold pieces
 21376 | Lair:1   | Identified the ring of Cicauq {Ice Str+6 SInv} (You bought
                  | it in a shop on level 1 of the Lair of Beasts)
 21392 | Lair:1   | Bought a scroll of torment for 123 gold pieces
 21392 | Lair:1   | Bought a scroll of identify for 26 gold pieces
 21392 | Lair:1   | Bought a scroll of identify for 26 gold pieces
 21392 | Lair:1   | Bought a scroll of identify for 26 gold pieces
 21392 | Lair:1   | Bought a scroll of identify for 26 gold pieces
 21392 | Lair:1   | Bought a scroll of identify for 26 gold pieces
 21392 | Lair:1   | Bought a scroll of teleportation for 39 gold pieces
 21528 | Orc:2    | Reached skill level 10 in Throwing
 22194 | Orc:2    | Found Jalaadd's Antique Armour Emporium.
 22506 | Orc:2    | Noticed Snorg
 22519 | Orc:2    | Killed Snorg
 23069 | Orc:2    | Found Falag's General Store.
 23620 | D:12     | Noticed Lodul
 23623 | D:12     | Reached XP level 15. HP: 132/132 MP: 15/15
 23633 | D:12     | Killed Lodul
 23894 | D:12     | Killed Frances
 24410 | D:13     | Identified the +1 ring mail of the Filigreed God {rCorr
                  | Slay+3}
 25847 | D:14     | Noticed a lich
 25849 | D:14     | Noticed a lich
 25981 | Abyss:2  | Cast into level 2 of the Abyss (a wizard)
 25986 | Abyss:2  | Found a corrupted altar of Lugonu.
 26145 | D:14     | Escaped the Abyss
 26275 | D:14     | Found a gate to the Vaults.
 26773 | D:14     | Killed a lich
 26841 | D:14     | You are sucked into a shaft and drop 1 floor!
 26841 | D:15     | Entered Level 15 of the Dungeon
 27054 | D:15     | Found a broken altar of Ashenzari.
 27641 | D:15     | Noticed Agnes
 27791 | D:15     | Killed Agnes
 28268 | D:14     | Found a blossoming altar of Fedhas.
 28349 | D:14     | Reached XP level 16. HP: 118/144 MP: 16/16
 28386 | D:14     | Killed a lich
 28558 | D:14     | Identified the ring of the Postmodern Bones {rPois Will+
                  | Str-2 Int+6 Dex+5}
 29162 | D:15     | Found a staircase to the Depths.
 29246 | D:15     | Noticed Louise
 29357 | Shoals:1 | Entered Level 1 of the Shoals
 29695 | Shoals:2 | Found Ecem's Antique Weapon Shop.
 29769 | Shoals:2 | Found Piym's Antique Armour Shoppe.
 29784 | Shoals:2 | You are sucked into a shaft and drop 1 floor!
 29923 | Shoals:2 | Found Vafeidaa's Weapon Emporium.
 30296 | Shoals:1 | Reached skill level 15 in Fighting
 30397 | Shoals:1 | Reached skill level 1 in Evocations
 31573 | Shoals:2 | Found a runed translucent gate.
 31579 | Shoals:2 | Reached skill level 5 in Evocations
 31580 | Shoals:2 | Found a runed translucent gate.
 31580 | Shoals:2 | Found an opulent altar of Gozag.
 31757 | Shoals:2 | Bought a runed scarf for 352 gold pieces
 31781 | Shoals:2 | Found Qicsec's Magic Scroll Shop.
 31789 | Shoals:2 | Bought a scroll of acquirement for 936 gold pieces
 31789 | Shoals:2 | Bought a scroll of teleportation for 54 gold pieces
 31789 | Shoals:2 | Bought a scroll of teleportation for 54 gold pieces
 31789 | Shoals:2 | Acquired a manual of Throwing
 32400 | Shoals:2 | Found Etiluso's Armour Emporium.
 32601 | Shoals:2 | Found a runed translucent gate.
 32603 | Shoals:2 | Noticed mallonox's ghost (adept MiBe)
 32605 | Shoals:2 | Found Ovuf's Assorted Antiques.
 32712 | Shoals:3 | Noticed a kraken
 33905 | D:7      | Bought a scroll of blinking for 127 gold pieces
 34064 | Snake:1  | Entered Level 1 of the Snake Pit
 34079 | Snake:1  | Found a transporter.
 34176 | Snake:1  | Found Lerr's Antique Armour Emporium.
 34834 | Shoals:2 | Bought the +2 shield of Resistance {rF++ rC++ Will++} for
                  | 1480 gold pieces
 34834 | Shoals:2 | Found the +2 shield of Resistance {rF++ rC++ Will++}
 35176 | Snake:1  | Reached skill level 1 in Shields
 35311 | Snake:1  | Reached XP level 17. HP: 140/156 MP: 2/17
 35542 | Snake:1  | Found a transporter.
 35625 | Snake:1  | Identified the +5 ring mail "Adehod" {*Slow Dex+4}
 35764 | Snake:1  | Reached skill level 5 in Shields
 36054 | Lair:1   | Bought the ring of the Sneaky Visions {rPois rCorr AC+4
                  | Int-3} for 558 gold pieces
 38560 | Snake:3  | Reached skill level 10 in Shields
 38996 | Snake:3  | Found a transporter.
 39002 | Snake:3  | Found a bloodstained altar of Trog.
 39003 | Snake:3  | Noticed Impuonees's ghost (journeyman DECj)
 39013 | Snake:3  | Found a transporter.
 39353 | Snake:4  | Entered Level 4 of the Snake Pit
 40867 | Snake:4  | Reached XP level 18. HP: 40/163 MP: 6/18
 42198 | Snake:4  | Got a serpentine rune of Zot
 42763 | Shoals:4 | Entered Level 4 of the Shoals
 45234 | Shoals:4 | Found a stormy altar of Qazlal.
 45376 | Shoals:4 | Paralysed by an air elemental for 1 turns
 45814 | Shoals:4 | Paralysed by an air elemental for 1 turns
 46032 | Shoals:4 | Paralysed by an air elemental for 1 turns
 46228 | Shoals:4 | Paralysed by an air elemental for 1 turns
 46489 | Shoals:4 | Got a barnacled rune of Zot
 46497 | Shoals:4 | Got a blackened book
 47089 | Elf:1    | Entered Level 1 of the Elven Halls
 47397 | Elf:1    | Found Jyliadum's Jewellery Shop.
 47545 | Elf:1    | Found an ancient bone altar of Kikubaaqudgha.
 47736 | Elf:1    | Reached XP level 19. HP: 163/172 MP: 15/19
 47776 | Elf:1    | Paralysed by an air elemental for 1 turns
 48370 | Elf:2    | Paralysed by an air elemental for 1 turns
 49088 | Elf:2    | Found Azximits's Mayhem Merchandise.
 49125 | Elf:2    | Found a radiant altar of Vehumet.
 49292 | Elf:2    | Found a runed translucent gate.
 49293 | Elf:2    | Found a runed translucent gate.
 49293 | Elf:2    | Found a runed translucent gate.
 49754 | Elf:2    | Noticed Donald
 49767 | Elf:2    | Killed Donald
 50782 | Lair:1   | Bought the amulet "Fihuuce" {Regen+ Str+2} for 741 gold
                  | pieces
 51004 | Elf:3    | Entered Level 3 of the Elven Halls
 51155 | Elf:3    | Found Faosehiz's Overcharged Wands.
 51191 | Elf:3    | Bought a wand of digging (11) for 693 gold pieces
 51456 | Elf:3    | Reached skill level 13 in Shapeshifting
 51806 | Elf:3    | Paralysed by an air elemental for 1 turns
 52070 | Elf:3    | Identified the +0 robe "Xaofay" {rF+ Archmagi}
 52373 | Elf:3    | Reached skill level 14 in Shapeshifting
 52409 | Elf:3    | Identified the +5 war axe of Gravity {antimagic, Drain rN+
                  | Str+2 Int+3}
 52937 | Elf:3    | Found the +3 Mad Mage's Maulers {Infuse+∞ VampMP -Cast}
 53019 | Elf:3    | Reached XP level 20. HP: 187/187 MP: 2/20
 53432 | Elf:3    | Reached skill level 15 in Shapeshifting
 53547 | Elf:3    | Got a moth-eaten book
 53548 | Elf:3    | Identified the staff "Naacait" {rPois Will+ Dex+3 Poison}
 54010 | Vaults:1 | Entered Level 1 of the Vaults
 55347 | Vaults:1 | Reached skill level 16 in Shapeshifting
 55989 | Vaults:1 | Found Comp's Weapon Emporium.
 56584 | Vaults:2 | Reached skill level 17 in Shapeshifting
 57414 | Vaults:2 | Found Jifil's Antique Armour Emporium.
 58589 | Vaults:3 | Found a staircase to the Crypt.
 58589 | Vaults:3 | Found a basalt altar of Yredelemnul.
 58752 | Vaults:3 | Found an ancient bone altar of Kikubaaqudgha.
 59063 | Vaults:3 | Reached skill level 18 in Shapeshifting
 60155 | Vaults:3 | Reached XP level 21. HP: 183/194 MP: 10/21
 60564 | Vaults:3 | Identified the staff of the Whale {rPois rC+ rN+ Ice}
 61021 | Vaults:4 | Reached skill level 19 in Shapeshifting
 62344 | Vaults:4 | Reached skill level 20 in Shapeshifting
 63191 | Crypt:1  | Entered Level 1 of the Crypt
 64652 | Crypt:1  | Noticed Frederick
 64672 | Crypt:1  | Killed Frederick
 65691 | Crypt:2  | Noticed Zenata
 65698 | Crypt:2  | Reached skill level 21 in Shapeshifting
 65710 | Crypt:2  | Killed Zenata
 66248 | Crypt:2  | Reached XP level 22. HP: 202/202 MP: 6/22
 67403 | Crypt:2  | Found an ancient bone altar of Kikubaaqudgha.
 67565 | Crypt:3  | Entered Level 3 of the Crypt
 67839 | Crypt:3  | Reached skill level 22 in Shapeshifting
 68595 | Crypt:3  | Found a staircase to the Tomb.
 68987 | Crypt:3  | Noticed Jory
 69023 | Crypt:2  | Killed Jory
 69135 | Crypt:3  | Noticed a curse toe
 69273 | Crypt:3  | Killed a curse toe
 69507 | Crypt:3  | Found the +8 Vampire's Tooth {megavamp}
 69622 | Crypt:3  | Noticed a dread lich
 69911 | Crypt:3  | Killed a dread lich
 70030 | Crypt:3  | Noticed a dread lich
 70030 | Crypt:3  | Noticed an ancient lich
 70610 | Crypt:3  | Killed an ancient lich
 70639 | Crypt:3  | Killed a dread lich
 70782 | Crypt:3  | Identified the ring "Netatz" {rF+ rC+}
 70794 | Crypt:3  | Identified the +4 short sword of Huingefi {freeze, rElec
                  | rCorr Int+2 Stlth+}
 71017 | Depths:1 | Entered Level 1 of the Depths
 71218 | Depths:1 | Reached skill level 23 in Shapeshifting
 71597 | D:15     | Killed Louise
 72242 | Depths:1 | Found a hide-covered altar of Uskayaw.
 72250 | Depths:1 | Identified the +5 scimitar of Woe {speed, *Noise +Blink
                  | Will+++ SInv}
 72465 | Depths:1 | Found a huge runed gate.
 72466 | Depths:1 | Found a huge runed gate.
 72467 | Depths:1 | Found a huge runed gate.
 72467 | Depths:1 | Found a huge runed gate.
 72468 | Depths:1 | Found a huge runed gate.
 72469 | Depths:1 | Found a huge runed gate.
 72469 | Depths:1 | Found a huge runed gate.
 72469 | Depths:1 | Found a huge runed gate.
 72469 | Depths:1 | Found a huge runed gate.
 72469 | Depths:1 | Found a huge runed gate.
 72471 | Depths:1 | Found a huge runed gate.
 72471 | Depths:1 | Found a huge runed gate.
 72472 | Depths:1 | Found a huge runed gate.
 72473 | Depths:1 | Found a huge runed gate.
 72474 | Depths:1 | Found a huge runed gate.
 72483 | Depths:1 | Found a huge runed gate.
 72483 | Depths:1 | Found a huge runed gate.
 72483 | Depths:1 | Found a huge runed gate.
 72483 | Depths:1 | Found a huge runed gate.
 72483 | Depths:1 | Found a huge runed gate.
 72483 | Depths:1 | Found a huge runed gate.
 72484 | Depths:1 | Found a huge runed gate.
 72485 | Depths:1 | Found a huge runed gate.
 72486 | Depths:1 | Found a huge runed gate.
 72496 | Depths:1 | Found a huge runed gate.
 72496 | Depths:1 | Found a huge runed gate.
 72496 | Depths:1 | Found a huge runed gate.
 72496 | Depths:1 | Found a huge runed gate.
 72496 | Depths:1 | Found a huge runed gate.
 72496 | Depths:1 | Found a huge runed gate.
 72497 | Depths:1 | Found a huge runed gate.
 72498 | Depths:1 | Found a huge runed gate.
 72499 | Depths:1 | Found a huge runed gate.
 72507 | Depths:1 | Found a huge runed gate.
 72507 | Depths:1 | Found a huge runed gate.
 72507 | Depths:1 | Found a huge runed gate.
 72661 | Depths:1 | Found a one-way gateway to a ziggurat.
 72763 | Depths:1 | Found a one-way gate leading to the halls of Pandemonium.
 72861 | Depths:1 | Found a gateway to Hell.
 73082 | Depths:1 | Identified the amulet "Olar" {rPois rF- Regen+ Dex+4
                  | Stlth+}
 73082 | Depths:1 | Noticed Elubun's ghost (adept TrGl)
 73082 | Depths:1 | Noticed Ivue's ghost (veteran MiCA)
 73082 | Depths:1 | Noticed Puseuno's ghost (veteran MiCA)
 73082 | Depths:1 | Noticed Vyimam's ghost (adept TrGl)
 73082 | Depths:1 | Identified the +1 longbow of Cheibriados's Grace {drain,
                  | rF+ rN+ Will+++ Int-5}
 73082 | Depths:1 | Noticed Ruserit's ghost (veteran HOFi)
 73082 | Depths:1 | Noticed Tosh's ghost (veteran HOFi)
 73103 | Depths:1 | Killed Vyimam's ghost
 73127 | Depths:1 | Killed Puseuno's ghost
 73138 | Depths:1 | Killed Ruserit's ghost
 73157 | Depths:1 | Killed Ivue's ghost
 73161 | Depths:1 | Killed Tosh's ghost
 73167 | Depths:1 | Reached skill level 15 in Shields
 73177 | Depths:1 | Killed Elubun's ghost
 73195 | Depths:1 | Noticed Elubun's ghost (adept TrGl)
 73224 | Depths:1 | Killed Elubun's ghost
 73380 | Depths:2 | Noticed a juggernaut
 73560 | Depths:2 | Killed a juggernaut
 73757 | Depths:2 | Noticed a juggernaut
 73768 | Depths:2 | Killed a juggernaut
 73769 | Depths:2 | Reached XP level 23. HP: 172/211 MP: 3/23
 73775 | Depths:2 | Identified the amulet of Nequxob {Faith Str+2}
 73886 | Depths:2 | Identified the ring of Etenlio {+Blink rPois rN+ Slay+4
                  | Stlth+}
 74030 | Depths:2 | Noticed the Enchantress
 74051 | Depths:2 | Killed the Enchantress
 74322 | Depths:2 | Identified the +1 plate armour "Lukuchoo" {Will- Regen+
                  | Str-3 Stlth+}
 74418 | Depths:2 | Found Maak's Armour Shop.
 74900 | Depths:2 | Found Becsujidd's Armour Boutique.
 75133 | Depths:3 | Noticed Vv
 75169 | Depths:3 | Killed Vv
 76075 | Depths:3 | Found Hiaxtiff's Jewellery Boutique.
 76098 | Depths:3 | Noticed Norris
 76114 | Depths:3 | Killed Norris
 76361 | Depths:3 | Noticed a caustic shrike
 76362 | Depths:3 | Noticed a caustic shrike
 76363 | Depths:3 | Noticed a caustic shrike
 76373 | Depths:3 | Killed a caustic shrike
 76377 | Depths:3 | Killed a caustic shrike
 76381 | Depths:3 | Killed a caustic shrike
 76678 | Depths:3 | Paralysed by a floating eye for 3 turns
 76946 | Depths:3 | Found a corrupted altar of Lugonu.
 76965 | Depths:3 | Found Fexkepaz's Book Emporium.
 76966 | Depths:3 | Found Guygral's Jewellery Boutique.
 76967 | Depths:3 | Found Umnirch's Book Emporium.
 77475 | Depths:3 | Found a sparkling altar of Nemelex Xobeh.
 77712 | Hell     | Entered the Vestibule of Hell
 77712 | Hell     | Noticed Geryon
 78147 | Depths:3 | Found an iron altar of Okawaru.
 78633 | Depths:3 | Found a snail-covered altar of Cheibriados.
 78769 | Depths:4 | Entered Level 4 of the Depths
 78829 | Depths:4 | Found an ancient bone altar of Kikubaaqudgha.
 78984 | Depths:4 | Reached XP level 24. HP: 194/229 MP: 3/23
 79382 | Depths:4 | Found a gate to the Realm of Zot.
 80783 | Depths:1 | Noticed Tazok's ghost (veteran MiCA)
 80791 | Depths:1 | Killed Tazok's ghost
 81136 | Shoals:2 | Killed mallonox's ghost
 81350 | Shoals:2 | Bought a scroll of summoning for 313 gold pieces
 81350 | Shoals:2 | Bought a potion of heal wounds for 165 gold pieces
 81429 | Lair:1   | Bought a pair of faintly humming boots for 285 gold pieces
 81429 | Lair:1   | Identified the +3 pair of boots of Kikubaaqudgha {rC+++}
                  | (You bought it in a shop on level 1 of the Lair of Beasts)
 81546 | Lair:5   | Voluntarily entered the Abyss.
 81601 | Abyss:3  | Found a corrupted altar of Lugonu.
 81890 | Abyss:4  | Found a corrupted altar of Lugonu.
 81933 | Lair:5   | Escaped the Abyss
 81935 | Lair:5   | Voluntarily entered the Abyss.
 82126 | Abyss:4  | Found a corrupted altar of Lugonu.
 82157 | Abyss:4  | Got an abyssal rune of Zot
 82206 | Lair:5   | Escaped the Abyss
 82664 | Zot:1    | Entered Level 1 of the Realm of Zot
 83704 | Zot:1    | You are sucked into a shaft and drop 1 floor!
 85879 | Zot:3    | Reached XP level 25. HP: 245/245 MP: 16/23
 87252 | Zot:4    | Noticed an orb of fire
 87612 | Zot:4    | Killed an orb of fire
 87615 | Zot:4    | Found the +4 dragonskin cloak
 87615 | Zot:4    | Noticed Tiamat
 88168 | Zot:4    | Reached skill level 24 in Shapeshifting
 88192 | Zot:4    | Killed Tiamat
 89001 | Zot:4    | Noticed an orb of fire
 89021 | Zot:4    | Killed an orb of fire
 89605 | Zot:4    | Reached skill level 15 in Throwing
 90089 | Zot:5    | Entered Level 5 of the Realm of Zot
 90943 | Zot:5    | Noticed an orb of fire
 90961 | Zot:5    | Killed an orb of fire
 91075 | Zot:5    | Noticed a dread lich
 91084 | Zot:5    | Killed a dread lich
 91179 | Zot:5    | Noticed an ancient lich
 91187 | Zot:5    | Noticed a Killer Klown
 91193 | Zot:5    | Noticed an orb of fire
 91198 | Zot:5    | Killed an ancient lich
 91211 | Zot:5    | Killed an orb of fire
 91235 | Zot:5    | Noticed an orb of fire
 91237 | Zot:5    | Noticed an orb of fire
 91239 | Zot:5    | Noticed an orb of fire
 91242 | Zot:5    | Noticed an orb of fire
 91243 | Zot:5    | Noticed a Killer Klown
 91244 | Zot:5    | Noticed an orb of fire
 91261 | Zot:5    | Killed an orb of fire
 91262 | Zot:5    | Reached XP level 26. HP: 215/254 MP: 3/23
 91265 | Zot:5    | Killed an orb of fire
 91267 | Zot:5    | Killed an orb of fire
 91271 | Zot:5    | Killed an orb of fire
 91272 | Zot:5    | Noticed an orb of fire
 91277 | Zot:5    | Killed an orb of fire
 91282 | Zot:5    | Killed an orb of fire
 93153 | Zot:5    | Got the Orb of Zot
 93300 | Zot:1    | Noticed Jegum the pandemonium lord
 93374 | Depths:3 | Noticed Durih the pandemonium lord
 93386 | Depths:3 | Killed Durih the pandemonium lord
 93464 | Depths:2 | Noticed Irimabynn the pandemonium lord
 93487 | Depths:2 | Killed Irimabynn the pandemonium lord
 93584 | Depths:1 | Noticed a seraph
 93590 | Depths:1 | Noticed Kuzus the pandemonium lord
 93678 | Depths:1 | Killed a seraph
 94121 | D:1      | Noticed Susmag the pandemonium lord
 94132 | D:1      | Killed Susmag the pandemonium lord
 94606 | D:1      | Noticed Caiwn the pandemonium lord
 94617 | D:1      | Killed Caiwn the pandemonium lord
 95003 | D:1      | Noticed Qolunku the pandemonium lord
 95018 | D:1      | Killed Qolunku the pandemonium lord
 95147 | D:1      | Reached XP level 27. HP: 261/261 MP: 2/23
 95613 | D:1      | Noticed Fein the pandemonium lord
 95620 | D:1      | Killed Fein the pandemonium lord
 95734 | D:1      | Noticed Kawkir the pandemonium lord
 95739 | D:1      | Reached skill level 25 in Shapeshifting
 95749 | D:1      | Killed Kawkir the pandemonium lord
 96065 | D:1      | Noticed Kaluesemiw the pandemonium lord
 96076 | D:1      | Killed Kaluesemiw the pandemonium lord
 96088 | D:1      | Noticed Wil Fuof the pandemonium lord
 96096 | D:1      | Killed Wil Fuof the pandemonium lord
 96228 | D:1      | Noticed Xick the pandemonium lord
 96248 | D:1      | Killed Xick the pandemonium lord
 96511 | D:1      | Noticed Tesu the pandemonium lord
 96523 | D:1      | Killed Tesu the pandemonium lord
 96773 | D:1      | Noticed a seraph
 96786 | D:1      | Killed a seraph
 96787 | D:1      | Reached skill level 26 in Shapeshifting
 97029 | D:1      | Noticed Todghosm the pandemonium lord
 97043 | D:1      | Killed Todghosm the pandemonium lord
 97339 | D:1      | Noticed Juubion the pandemonium lord
 97349 | D:1      | Killed Juubion the pandemonium lord
 97722 | D:1      | Noticed Omyfreil the pandemonium lord
 97739 | D:1      | Killed Omyfreil the pandemonium lord
 97780 | D:1      | Noticed a seraph
 97790 | D:1      | Killed a seraph
 98116 | D:1      | Reached skill level 27 in Shapeshifting
 98120 | D:$      | Escaped with the Orb!

Illustrated notes

Levels and vault maps discovered:
D:1:      minmay_arrival_nine_rooms, layout_loops_cross
D:2:      layout_rooms
D:3:      layout_basic, nicolae_dithmenos_through_a_glass_darkly,
          minmay_ruptured, uniq_pargi, uniq_robin, uniq_sigmund
D:4:      layout_basic, hangedman_decor_riveting, fountainhead
D:5:      layout_loops_ring, zin_angel, minmay_temple_entry_glass
D:6:      layout_basic, nicolae_elyvilon_peaceful_grove
D:7:      layout_loops_corners, cheibriados_altar_1, serial_shops, shop
D:8:      layout_basic, mainiacjoe_overflow_six_doors_small,
          mainiacjoe_overflow_catwalk, serial_shops, shop
D:9:      layout_cave_pools, marbit_many_paths, nicolae_tso_swordbearing_angel,
          grunt_gozag_statues
D:10:     layout_irregular_city, makhleb_altar_promises_db,
          mainiacjoe_overflow_cross_hatched, dreamdust_wishing_well,
          nicolae_twisty_statue_hallways
D:11:     layout_basic, minmay_lair_entry_grove, trove_entry_hex_spiral,
          uniq_maurice
D:12:     layout_irregular_city, david_orc_4, uniq_frances, uniq_lodul
D:13:     layout_long_grid
D:14:     minmay_the_grid_4x2 [minmay_the_grid_tri_star, minmay_the_grid_box_x,
          minmay_the_grid_armoury, minmay_the_grid_minigrid_large,
          minmay_the_grid_aliased_spiral, minmay_the_grid_all_tris,
          minmay_the_grid_minigrid_small_alt, minmay_the_grid_prize_big_room],
          layout_rooms, grunt_vaults_entry_tiered, fedhas_altar_fruit_tree
D:15:     grunt_enter_depths_hoard, layout_layer_cave, evilmike_ruin_ashenzari,
          uniq_agnes, uniq_louise
Temple:   hellmonk_temple_divided_pantheon
Lair:1:   layout_gridlike, lemuel_fruit_fields, grunt_megastairs_3,
          serial_bayou_shore_a, infiniplex_staircase_pool_2, uniq_gastronok,
          uniq_sonja
Lair:2:   statuecave_lemuel, layout_gridlike, minmay_shoals_entry_hut
Lair:3:   layout_gridlike, guppyfry_snake_entry_garden, basic_altar
Lair:4:   layout_hall_layers, lemuel_fruit_fields
Lair:5:   hellmonk_lair_end_abyssal_woods, layout_misc_corridors, slime_entry_1,
          nicolae_volcano_entry_lava_flow, st_stairs_7, minivault_25
Shoals:1: layout_shoals
Shoals:2: layout_shoals, serial_shops, nicolae_shop_trees, shop,
          nicolae_shop_statue_plus, shop, shop, ebering_ghost_gozag
Shoals:3: layout_shoals, nicolae_shoals_songs
Shoals:4: shoals_end_hellmonk_storm_palace [storm_palace_center_ruins,
          storm_palace_corner_pillars, storm_palace_corner_altar,
          storm_palace_corner_blocked, storm_palace_corner_reverse_hut]
Snake:1:  gammafunk_sealed_arena, layout_basic, serial_shops, shop_coins
Snake:2:  cheibrodos_snake_ritualist_ritual, layout_chambers
Snake:3:  layout_cave_shapes, gammafunk_ghost_wrathful_warriors
Snake:4:  grunt_snake_rune_spirals, layout_onion_interference
Orc:1:    layout_diamond_mine, uniq_urug, uniq_fannar, uniq_josephine
Orc:2:    grunt_orc_gardens, layout_caves, grunt_orc_garden, grunt_orc_garden,
          grunt_orc_garden, grunt_orc_garden, basic_altar, uniq_snorg
Elf:1:    elf_arrival_001, layout_rooms, serial_shops, shop, basic_altar,
          minivault_28, item_on_display_a
Elf:2:    nicolae_elf_blades_crystal_corner, layout_onion_city, basic_altar,
          st_stairs_4, minmay_shop_mayhem, uniq_donald
Elf:3:    nooodl_elf_gasket, layout_geoelf_castle,
          nicolae_shop_overcharged_wands
Vaults:1: v_misc_29, v_misc_3, v_alt_pattern_3, hangedman_vaults_cutoff,
          vaults_mumra_hex, nicolae_vaults_closet_pinwheel_5, v_misc_16,
          nicolae_vaults_surprise_closet, ontoclasm_vaults_decontamination,
          layout_vaults_big_room, serial_shops, nicolae_shop_statue_plus
Vaults:2: nicolae_vaults_heart-shaped_vault, nicolae_vaults_circle_grid_b,
          v_misc_1, ontoclasm_vaults_ring_small, st_cells,
          nicolae_vaults_circle_grid_a, layout_vaults_omnigrid, serial_shops,
          shop
Vaults:3: nicolae_vaults_circle_grid_a, hangedman_vaults_stretched_pinwheel,
          minmay_crypt_entry_necro_gods, grunt_vaults_swirl,
          nicolae_vaults_apartment_2, v_pattern_1, vaults_room_hallway,
          nicolae_vaults_double_plus_2, hangedman_vaults_corner_blocks,
          nicolae_vaults_heart-shaped_vault,
          nicolae_vaults_surprise_closet_hard, v_misc_12,
          nicolae_vaults_wrenched, ontoclasm_vaults_spin,
          layout_vaults_omnicross
Vaults:4: ontoclasm_vaults_claustrophobia, nicolae_vaults_tetromino_T_1,
          vaults_dpeg_diagonal, nicolae_vaults_cornered_office,
          vaults_room_door_hall, nicolae_vaults_double_plus_3, sword_in_stone,
          nicolae_vaults_hallways_thing, vaults_room_corners, v_misc_3,
          nicolae_vaults_variable_pillar_hall, v_rooms_4,
          layout_vaults_maze_bifur
Crypt:1:  layout_chaotic_city, grunt_megastairs_2, uniq_frederick
Crypt:2:  layout_rooms, basic_altar, minivault_27,
          nicolae_crypt_little_mausoleum, uniq_zenata
Crypt:3:  david_glass_crypt, layout_rooms, uniq_jory
Depths:1: layout_roguey, enter_ziggurat_e, rand_demon_pan_entry_1,
          gammafunk_ghost_door_vault, pf_hell_entry_great_geh, minivault_14,
          nicolae_uskayaw_en_pointe
Depths:2: grunt_x_marks_the_spot, layout_cave_pools, dk_noncrumbling_4,
          hell_entry, serial_shops, shop, nicolae_square_shop, pan_entry,
          serial_bayou_pond_c, infiniplex_staircase_spiral, uniq_enchantress
Depths:3: pf_snail_temple, layout_gridville, abyss_entry_flame_altar,
          hellmonk_okawaru_the_only_friend_you_need, serial_shops, shop,
          pf_coc_iceberg, nemelex_xobeh_ov_fountains_minmay,
          minmay_staircase_windowed_small, minmay_shop_grove,
          serial_bayou_shore_b, uniq_vv, uniq_norris
Depths:4: grunt_zot_entry_funnels, layout_twisted_cross, hell_entry,
          kiku_gazebo_pond_becter, nicolae_triple_integral
Hell
Zot:1:    layout_misc_corridors
Zot:2:    kennysheep_six_static_rooms, layout_gridlike
Zot:3:    layout_basic
Zot:4:    layout_concentric_octagons, grunt_megastairs_5, uniq_tiamat
Zot:5:    layout_gridlike, hangedman_zot_decor_tridents, st_stairs_7

Skill      XL: |  1  2  3  4  5  6  7  8  9 10 11 12 13 14 15 16 17 18 19 20 21 22 23 24 25 26 27 |
---------------+----------------------------------------------------------------------------------+-----
Fighting       | 3 4 5 6 7 9 10 11 12 13 15 18 21 23 24 | 24.0
Unarmed Combat | 4 5 6 7 9 10 12 13 14 15 17 18 21 22 24 | 24.0
Shapeshifting  | 4 5 6 7 8 10 12 14 18 21 23 24 27 | 27.0
Dodging        | 6 8 10 13 | 13.2
Throwing       | 2 11 12 17 20 | 20.0
Evocations     | 8 |  8.2
Shields        | 1 12 16 | 16.0

Action                     |  1- 3 |  4- 6 |  7- 9 | 10-12 | 13-15 | 16-18 | 19-21 | 22-24 | 25-27 || total
---------------------------+-------+-------+-------+-------+-------+-------+-------+-------+-------++-------
  Melee: Unarmed           |    95 |   108 |   246 |   641 |  1194 |  1441 |  1181 |  1466 |  1287 ||  7659
         Tailslap          |     4 |    15 |    40 |   133 |   243 |   316 |   282 |   350 |   296 ||  1679
         Punch             |     1 |     4 |    16 |     3 |   138 |    52 |       |       |       ||   214
         Maw               |       |       |       |     9 |   447 |   606 |   430 |    70 |       ||  1562
  Throw: Dart              |       |       |       |       |     3 |       |       |       |       ||     3
         Boomerang         |       |       |       |       |       |    25 |    33 |    27 |    36 ||   121
         Javelin           |       |       |       |       |       |     9 |     5 |       |    12 ||    26
         Throwing net      |       |       |       |       |       |     1 |       |       |       ||     1
 Invoke: Call Merchant     |       |       |       |     2 |     3 |     2 |       |     4 |       ||    11
         Potion Petition   |       |       |       |     1 |     1 |       |       |       |     7 ||     9
Ability: Breathe Lightning |       |       |    25 |     7 |     3 |     1 |       |     3 |       ||    39
  Evoke: Wand              |       |       |     8 |     4 |     4 |     4 |       |     2 |     2 ||    24
         Condenser vane    |       |       |       |       |       |       |       |       |     1 ||     1
    Use: Potion            |     1 |       |     1 |     1 |     4 |     3 |       |     1 |       ||    11
         Scroll            |       |       |    15 |     5 |    13 |     7 |     2 |     7 |     6 ||    55
   Stab: Sleeping          |     1 |     1 |       |       |     5 |    16 |    15 |     3 |     1 ||    42
         Distracted        |       |       |       |     4 |     6 |    22 |    13 |    16 |     8 ||    69
         Invisible         |       |       |       |       |     2 |     4 |       |     5 |     1 ||    12
         Confused          |       |       |       |       |       |       |       |       |     1 ||     1
 Armour: Skin              |    26 |    25 |   153 |   360 |   574 |   651 |   608 |   704 |   581 ||  3682
  Dodge: Dodged            |    64 |    62 |   198 |   573 |  1131 |  1007 |   458 |   552 |   361 ||  4406
  Block: Kite shield       |       |       |       |       |       |   579 |   634 |   783 |   519 ||  2515
   Form: Flux              |       |       |     1 |       |       |       |       |       |       ||     1
         Maw               |       |       |       |     1 |       |       |     1 |     1 |       ||     3
         Death             |       |       |       |       |       |       |     1 |     2 |       ||     3

Table legend: (Time is in decaauts)
 A = Elapsed time spent in this place.
 B = Non-inter-level travel time spent in this place.
 C = Inter-level travel time spent in this place.
 D = Time resting spent in this place.
 E = Time spent auto-exploring this place.
 F = Levels seen in this place.
 G = Mean time per level.
                   A        B        C        D        E       F      G
               +--------+--------+--------+--------+--------+-----+--------+
         Total |  96002 |  88735 |   7267 |  12051 |  62392 |  57 | 1684.2 |
       Dungeon |  25624 |  22548 |   3076 |   3796 |  15242 |  15 | 1708.3 |
        Temple |     19 |      9 |     10 |      0 |      0 |   1 |   19.0 |
          Lair |   6751 |   5734 |   1017 |    247 |   4324 |   5 | 1350.2 |
        Shoals |   9209 |   8582 |    627 |   2043 |   5084 |   4 | 2302.2 |
     Snake Pit |   7430 |   7132 |    298 |    963 |   4742 |   4 | 1857.5 |
  Orcish Mines |   3107 |   2876 |    231 |    383 |   1930 |   2 | 1553.5 |
   Elven Halls |   6348 |   5815 |    533 |    647 |   4090 |   3 | 2116.0 |
        Vaults |   9107 |   8843 |    264 |    167 |   7918 |   4 | 2276.8 |
         Crypt |   7563 |   7379 |    184 |   1677 |   4883 |   3 | 2521.0 |
        Depths |   9312 |   8679 |    633 |    587 |   6780 |   4 | 2328.0 |
          Hell |      1 |      1 |      0 |      0 |      0 |   1 |    1.0 |
           Zot |  10227 |   9840 |    387 |   1480 |   7124 |   5 | 2045.4 |
         Abyss |    748 |    748 |      0 |      0 |      0 |   5 |  149.6 |
       Volcano |    550 |    550 |      0 |     59 |    273 |   1 |  550.0 |
               +--------+--------+--------+--------+--------+-----+--------+

Top non-repeatable levels by time:
     D:1: 4444 daAuts
Depths:3: 3766 daAuts
 Crypt:2: 3045 daAuts
    D:11: 2897 daAuts
Shoals:2: 2773 daAuts
Shoals:4: 2696 daAuts
    D:14: 2696 daAuts
 Snake:4: 2632 daAuts
   Elf:3: 2609 daAuts
   Elf:2: 2574 daAuts
    D:15: 2541 daAuts
    D:12: 2524 daAuts
   Zot:4: 2516 daAuts
   Zot:5: 2516 daAuts
Vaults:3: 2497 daAuts
